 Dungeon Crawl Stone Soup version 0.31-a0-845-g9abc20d24f (webtiles) character file.

Game seed: 11902722151274600789

14154050 Kurtz the Octopoid Barricade (level 27, 246/246 HPs)
             Began as an Octopode Fighter on Oct 2, 2023.
             Was an Initiate of Gozag.
             Escaped with the Orb
             ... and 15 runes!
             The game lasted 04:47:13 (112358 turns).

Kurtz the Octopoid Barricade (Octopode Fighter)   Turns: 112358, Time: 04:47:14

Health: 246/246    AC:  9    Str: 38    XL:     27
Magic:  50/50      EV: 41    Int: 19    God:    Gozag
Gold:   2360       SH: 37    Dex: 27    Spells: 37/73 levels left

rFire   + + .        t - +9 broad axe (elec)
rCold   + . .        Q - +4 tower shield {reflect}
rNeg    + + +        b - +0 mask of the Dragon {Will+ Slay+3 SInv}
rPois   ∞            S - amulet of Qoiwo {Reflect Contam Regen+ Str+4 SH+5}
rElec   +            Z - +4 ring of protection
rCorr   +            M - ring of Awniwn {rC+ Str+3 Int+6 SInv}
SInv    +            x - ring of fire
Will    +++++        C - ring of Netajif {Str+4 Int+4 Dex+6}
Stlth   +++          A - ring "Tyfor" {rElec Will+ Int-4 Dex+6 SInv}
HPRegen 1.41/turn    G - ring of Pibrades {Will+ Str+4 Slay+2}
MPRegen 0.32/turn    L - ring "Receavin" {rF+ AC+4 Slay+6 SInv}
                     J - ring "Esaafoc" {Fly rN+ rCorr}

%: reflection
@: death-form, flying, hasted, studying 3 skills, very quick
A: vile attack, torment immunity, no potions, almost no armour, amphibious, 8
rings, camouflage 1, gelatinous body 1, (nimble swimmer 1), tentacles, tentacle
spike 1, (berserk 1), poison resistance, robust 1
0: Orb of Zot
}: 15/15 runes: decaying, serpentine, slimy, silver, golden, iron, obsidian,
icy, bone, abyssal, demonic, glowing, magical, fiery, dark
a: Siphon Essence, Begin Untransformation, Renounce Religion, Potion Petition,
Call Merchant, Bribe Branch


You escaped.
You worshipped Gozag.
Gozag was most pleased with you.
You were an undying horror.
You visited 18 branches of the dungeon, and saw 88 of its levels.
You visited Pandemonium 1 time, and saw 14 of its levels.
You visited the Abyss 17 times.
You visited 3 bazaars.
You also visited: Trove, Bailey, Gauntlet, Ice Cave and Wizlab.

You collected 47070 gold pieces.
You spent 10802 gold pieces at shops.
You paid 33908 gold pieces to Gozag.

Inventory:

Hand Weapons
 t - a +9 broad axe of electrocution (weapon)
Missiles
 v - 19 curare-tipped darts
 P - a throwing net
Armour
 b - the +0 mask of the Dragon (worn) {Will+ Slay+3 SInv}
   (Okawaru gifted it to you on level 11 of the Dungeon)

   Slay+3:    It affects your accuracy & damage with ranged weapons and melee
   (+3).
   Will+:     It increases your willpower.
   SInv:      It lets you see invisible.
 Q - a +4 tower shield of reflection (worn)
Jewellery
 a - a ring of fire
 c - the ring "Xeucsap" {rC+ rN+ Slay+3}
   (You bought it in a shop on level 3 of the Depths)

   [ring of positive energy]

   Slay+3:    It affects your accuracy & damage with ranged weapons and melee
   (+3).
   rC+:       It protects you from cold.
   rN+:       It protects you from negative energy.
 d - a ring of protection from fire
 q - a ring of protection from cold
 x - a ring of fire (on tentacle)
 A - the ring "Tyfor" (on tentacle) {rElec Will+ Int-4 Dex+6 SInv}
   (You bought it in a shop in a bazaar)

   [ring of willpower]

   Int-4:     It affects your intelligence (-4).
   Dex+6:     It affects your dexterity (+6).
   rElec:     It insulates you from electricity.
   Will+:     It increases your willpower.
   SInv:      It lets you see invisible.
 C - the ring of Netajif (on tentacle) {Str+4 Int+4 Dex+6}
   (You bought it in a shop on level 7 of the Dungeon)

   [ring of dexterity]

   Str+4:     It affects your strength (+4).
   Int+4:     It affects your intelligence (+4).
   Dex+6:     It affects your dexterity (+6).
 G - the ring of Pibrades (on tentacle) {Will+ Str+4 Slay+2}
   (You took it off Dispater on level 7 of the Iron City of Dis)

   [ring of willpower]

   Str+4:     It affects your strength (+4).
   Slay+2:    It affects your accuracy & damage with ranged weapons and melee
   (+2).
   Will+:     It increases your willpower.
 J - the ring "Esaafoc" (on tentacle) {Fly rN+ rCorr}
   (You took it off an orc on level 5 of the Vaults)

   [ring of flight]

   rN+:       It protects you from negative energy.
   Fly:       It grants you flight.
   rCorr:     It protects you from acid and corrosion.
 L - the ring "Receavin" (on tentacle) {rF+ AC+4 Slay+6 SInv}
   (You bought it in a shop on level 3 of the Depths)

   [ring of protection]

   AC+4:      It affects your AC (+4).
   Slay+6:    It affects your accuracy & damage with ranged weapons and melee
   (+6).
   rF+:       It protects you from fire.
   SInv:      It lets you see invisible.
 M - the ring of Awniwn (right tentacle) {rC+ Str+3 Int+6 SInv}
   (You found it on level 7 of Gehenna)

   [ring of intelligence]

   Str+3:     It affects your strength (+3).
   Int+6:     It affects your intelligence (+6).
   rC+:       It protects you from cold.
   SInv:      It lets you see invisible.
 S - the amulet of Qoiwo (around mantle) {Reflect Contam Regen+ Str+4 SH+5}
   (You found it on level 7 of Gehenna)

   [amulet of reflection]

   Reflect:   It reflects blocked missile attacks.
   Str+4:     It affects your strength (+4).
   Contam:    It causes magical contamination when unequipped.
   Regen+:    It increases your rate of health regeneration.
   SH+5:      It affects your SH (+5).
 Z - a +4 ring of protection (left tentacle)
Talismans
 B - a granite talisman
 V - a talisman of death (active)
Wands
 e - a wand of roots (14)
 i - a wand of flame (33)
 s - a wand of mindburst (55)
 X - a wand of digging (26) (quivered)
 Y - a wand of acid (58)
Scrolls
 f - 12 scrolls of fog
 j - 23 scrolls of teleportation
 o - 7 scrolls of torment
 D - 8 scrolls of brand weapon
 E - 12 scrolls of fear
 H - 2 scrolls of blinking
 K - 8 scrolls of silence
 O - 2 scrolls of poison
 R - a scroll of revelation
 T - a scroll of butterflies
Potions
 g - 5 potions of might
 h - 9 potions of brilliance
 k - 30 potions of curing
 m - 4 potions of magic
 n - 10 potions of enlightenment
 p - 8 potions of ambrosia
 r - 9 potions of haste
 u - 10 potions of heal wounds
 w - 7 potions of cancellation
 F - 5 potions of berserk rage
 N - 3 potions of mutation
 U - 4 potions of resistance
Miscellaneous
 l - a lightning rod (4/4)
 y - a phial of floods
 I - a figurine of a ziggurat


   Skills:
 O Level 27 Fighting
 - Level 18.0 Axes
 O Level 27 Dodging
 - Level 15.6 Stealth
 O Level 27 Shields
 * Level 23.6 Spellcasting
 * Level 22.9 Necromancy
 - Level 15.0 Transmutations
 * Level 18.3 Fire Magic
 - Level 0.6 Invocations
 O Level 27 Shapeshifting


You had 37 spell levels left.
You knew the following spells:

 Your Spells              Type           Power      Damage    Failure   Level
a - Borgnjor's Revivific  Necr           41%        N/A       1%          8
b - Ignition              Fire           47%        3d13      6%          8
c - Infestation           Necr           41%        N/A       1%          8
d - Swiftness             Air            22%        N/A       5%          3
e - Fire Storm            Conj/Fire      36%        8d9       100%        9

Your spell library contained the following spells:

 Spells                   Type           Power      Damage    Failure   Level
 Kiss of Death            Conj/Necr      100%       2d13      0%          1
 Necrotise                Necr           100%       1d9       0%          1
 Scorch                   Fire           100%       2d9       0%          2
 Wereblood                Tmut           68%        N/A       0%          2
 Vampiric Draining        Necr           83%        2d11      0%          3
 Dispel Undead            Necr           83%        3d27      0%          4
 Agony                    Necr           83%        N/A       0%          5
 Apportation              Tloc           44%        N/A       1%          1
 Freeze                   Ice            88%        1d9       1%          1
 Magic Dart               Conj           88%        1d7       1%          1
 Sandblast                Erth           44%        2d11      1%          1
 Shock                    Conj/Air       88%        1d8       1%          1
 Slow                     Hex            88%        N/A       1%          1
 Summon Small Mammal      Summ           88%        N/A       1%          1
 Cigotuvi's Dreadful Rot  Necr/Pois/Air  100%       N/A       1%          2
 Passwall                 Tmut/Erth      41%        N/A       1%          2
 Ignite Poison            Fire/Tmut/Pois 77%        N/A       1%          3
 Inner Flame              Hex/Fire       72%        N/A       1%          3
 Volatile Blastmotes      Fire/Tloc      100%       2d18      1%          3
 Anguish                  Hex/Necr       30%        N/A       1%          4
 Flame Wave               Conj/Fire      72%        2d16      1%          4
 Petrify                  Tmut/Erth      50%        N/A       1%          4
 Sticky Flame             Conj/Fire      72%        2d9       1%          4
 Borgnjor's Vile Clutch   Necr/Erth      30%        N/A       1%          5
 Fireball                 Conj/Fire      36%        3d15      1%          5
 Death Channel            Necr           41%        N/A       1%          6
 Blink                    Tloc           44%        N/A       2%          2
 Ensorcelled Hibernation  Hex/Ice        44%        N/A       2%          2
 Jinxbite                 Hex            44%        N/A       2%          2
 Lesser Beckoning         Tloc           44%        N/A       2%          2
 Momentum Strike          Conj/Tloc      44%        3d9       2%          2
 Searing Ray              Conj           44%        2d6       2%          2
 Alistair's Intoxication  Tmut/Pois      33%        N/A       2%          5
 Irradiate                Conj/Tmut      25%        3d20      2%          5
 Yara's Violent Unravell  Hex/Tmut       25%        3d11      2%          5
 Call Canine Familiar     Summ           22%        N/A       5%          3
 Confusing Touch          Hex            22%        N/A       5%          3
 Dazzling Flash           Conj/Hex       44%        N/A       5%          3
 Frozen Ramparts          Ice            44%        1d7       5%          3
 Gell's Gravitas          Tloc           22%        N/A       5%          3
 Hailstorm                Conj/Ice       22%        3d7       5%          3
 Mephitic Cloud           Conj/Pois/Air  22%        N/A       5%          3
 Ozocubu's Armour         Ice            22%        N/A       5%          3
 Sigil of Binding         Hex            22%        N/A       5%          3
 Stone Arrow              Conj/Erth      44%        3d9       5%          3
 Summon Guardian Golem    Hex/Summ       22%        N/A       5%          3
 Teleport Other           Tloc           22%        N/A       5%          3
 Plasma Beam              Fire/Air       36%        2x1d49    6%          6
 Starburst                Conj/Fire      36%        6d11      6%          6
 Eringya's Noxious Bog    Tmut/Pois      25%        4d6       13%         6
 Haunt                    Necr/Summ      30%        N/A       14%         7
 Death's Door             Necr           41%        N/A       16%         9
 Airstrike                Air            11%        2d(2-18)  19%         4
 Brom's Barrelling Bould  Conj/Erth      22%        2d4       19%         4
 Cause Fear               Hex            11%        N/A       19%         4
 Dimensional Bullseye     Hex/Tloc       11%        N/A       19%         4
 Fulminant Prism          Conj/Hex       11%        3d9       19%         4
 Iskenderun's Mystic Bla  Conj/Tloc      22%        2d6       19%         4
 Leda's Liquefaction      Hex/Erth       11%        N/A       19%         4
 Manifold Assault         Tloc           22%        N/A       19%         4
 Olgreb's Toxic Radiance  Pois           22%        N/A       19%         4
 Passage of Golubria      Tloc           22%        N/A       19%         4
 Summon Ice Beast         Ice/Summ       22%        N/A       19%         4
 Summon Lightning Spire   Summ/Air       22%        N/A       19%         4
 Vhi's Electric Charge    Tloc/Air       44%        N/A       19%         4
 Arcjolt                  Conj/Air       11%        1d21      45%         5
 Freezing Cloud           Conj/Ice/Air   11%        6-21      45%         5
 Iskenderun's Battlesphe  Conj           22%        2d8       45%         5
 Lee's Rapid Deconstruct  Erth           11%        3d8*      45%         5
 Metabolic Englaciation   Hex/Ice        11%        N/A       45%         5
 Silence                  Hex/Air        11%        N/A       45%         5
 Summon Forest            Summ/Tloc      11%        N/A       45%         5
 Summon Mana Viper        Hex/Summ       22%        N/A       45%         5
 Bombard                  Conj/Erth      11%        9d3       96%         6
 Conjure Ball Lightning   Conj/Air       11%        3x3d6     96%         6
 Dispersal                Tloc           11%        N/A       96%         6
 Summon Cactus Giant      Summ           11%        N/A       96%         6
 Enfeeble                 Hex            11%        N/A       100%        7
 Malign Gateway           Summ/Tloc      11%        N/A       100%        7
 Monstrous Menagerie      Summ           11%        N/A       100%        7
 Orb of Destruction       Conj           11%        9d6       100%        7
 Ozocubu's Refrigeration  Ice            11%        4d9       100%        7
 Spellforged Servitor     Conj/Summ      11%        N/A       100%        7
 Summon Hydra             Summ           11%        N/A       100%        7
 Discord                  Hex            11%        N/A       100%        8
 Disjunction              Tloc           11%        N/A       100%        8
 Lehudib's Crystal Spear  Conj/Erth      11%        10d4      100%        8
 Maxwell's Capacitive Co  Air            11%        ∞         100%        8
 Summon Horrible Things   Summ           11%        N/A       100%        8
 Dragon's Call            Summ           11%        N/A       100%        9
 Polar Vortex             Ice            11%        12d1*     100%        9
 Animate Dead             Necr           Unusable   N/A       N/A         4
 Simulacrum               Ice/Necr       Unusable   N/A       N/A         6
 Animate Armour           Summ/Erth      Unusable   N/A       N/A         4

Dungeon Overview and Level Annotations

Branches:
Dungeon (15/15)            Temple (1/1) D:4            Lair (5/5) D:10
  Swamp (4/4) Lair:3        Snake (4/4) Lair:2        Slime (5/5) Lair:5
    Orc (2/2) D:12            Elf (3/3) Orc:2        Vaults (5/5) D:14
  Crypt (3/3) Vaults:2       Tomb (3/3) Crypt:3      Depths (4/4) D:15
   Hell (visited)             Dis (7/7) Hell            Geh (7/7) Hell
    Coc (7/7) Hell            Tar (7/7) Hell            Zot (5/5) Depths:4
 Bailey (visited)           IceCv (visited)          WizLab (visited)
Gauntlet (visited)

Altars:
Ashenzari
Cheibriados
Dithmenos
Elyvilon
Fedhas
Gozag
Hepliaklqana
Kikubaaqudgha
Makhleb
Nemelex Xobeh
Okawaru
Qazlal
Ru
Sif Muna
Trog
Uskayaw
Vehumet
Wu Jian
Xom
Yredelemnul
Zin
The Shining One

Shops:
D:2 (   D:6 ?   D:7 =!:   D:12 :((   D:13 (   D:14 :   Orc:2 ?*(*   Snake:2 ![!
Snake:3 [   Vaults:1 :   Depths:3 =*:!=!?=

Portals:
Hell: Depths:1 Depths:2 Depths:3 Depths:4
Abyss: Depths:3
Pandemonium: Depths:2
Ziggurat: Depths:4

Annotations:
D:3 exclusion: downstairs
Swamp:3 exclusion: downstairs
Snake:1 exclusion: downstairs
Snake:2 Vashnia
Elf:1 6 runed translucent doors
Geh:7 exclusion: 3 doors
Zot:2 2 transporters, Civybe Ogenn's ghost, legendary DsFi


Innate Abilities, Weirdness & Mutations

You are an undying horror.
Your melee and unarmed attacks drain, slow and weaken victims.
You are immune to unholy pain and torment.
You cannot drink.
You cannot wear most types of armour.
You are amphibious.
You can wear up to eight rings at the same time.
Your skin changes colour to match your surroundings (Stealth+).
Your rubbery body absorbs attacks. (AC +1, EV +1)
((You are camouflaged when in or above water. (Stealth+)))
You have tentacles for arms and can constrict up to eight enemies at once.
One of your tentacles bears a spike.
((You sometimes lose your temper in combat.))
Your system is resistant to poisons. (rPois)
You are robust. (+10% HP)


Message History

There is a stone staircase leading down, spattered with blood here.
There is a stone staircase leading up here.
You fly upwards.
Level annotation: exclusion: downstairs
There is a stone staircase leading down here.
Your extra speed is starting to run out.
There is a stone staircase leading up here.
You fly upwards.
A lorocyproca comes into view.
There is a stone staircase leading down here.
You slice the lorocyproca!!
The lorocyproca decays.
You grab the lorocyproca.
You pierce the lorocyproca!
You squeeze the lorocyproca!!
The lorocyproca is almost dead.
You feel yourself slow down.
You constrict the lorocyproca. You slash the lorocyproca!
You kill the lorocyproca!
You now have 2610 gold pieces (gained 8).
A chaos spawn comes into view.
There is a stone staircase leading up here.
You fly upwards.
There is a stone staircase leading down here.
Aiming: Dig
Press: ? - help, Q - select action, (/) - cycle Shift-Dir - straight line A rock wall.
This square is covered in magical glow.
Okay, then.
You start to feel less resistant. [a] - 250 gold - haste [b] - 609 gold - might, brilliance, heal wounds and magic [c] - 273 gold - heal wounds and magic Purchase which effect?
You no longer have enough gold to fund merchants seeking to open stores in the dungeon.
You feel yourself speed up.
Your resistance to elements expires.
A rust devil comes into view.
You see here a +0 club.
There is an open door here.
There is a staircase leading out of the dungeon here.
You have escaped!

#..###
###'###
##≈♣.♣≈##
#≈≈♣.♣≈≈#
#≈≈♣.♣≈≈#
#~♣...♣~#
#♣.....♣#
#.#.#>#
###z###
###


There were no monsters in sight!

Vanquished Creatures
  Cerebov (Pan)
  Antaeus (Coc:7)
  the Royal Jelly (Slime:5)
  Asmodeus (Geh:7)
  Gloorx Vloq (Pan)
  the Serpent of Hell (Dis:7)
  Mnoleg (Pan)
  Ereshkigal (Tar:7)
  Dispater (Dis:7)
  8 dread liches
  Lom Lobon (Pan)
  10 ancient liches
  Khufu (Crypt:3)
  4 pandemonium lords
  3 orbs of fire (Zot:5)
  5 juggernauts
  22 royal mummies
  Boris (twice) (Vaults:5 Tomb:1)
  Margery (Vaults:4)
  A Head Instructor (WizLab)
  18 shard shrikes
  Bai Suzhen (Swamp:3)
  4 Killer Klowns
  3 curse toes
  Geryon (Hell)
  37 caustic shrikes
  Jory (Depths:3)
  Nikola (Vaults:1)
  8 golden dragons
  10 profane servitors
  Norris (Elf:3)
  21 Brimstone Fiends
  19 doom hounds
  24 Tzitzimimeh
  4 electric golems (Zot:5)
  47 bone dragons
  26 hellephants
  30 Hell Sentinels
  21 iron giants
  23 Orb Guardians
  27 tentacled monstrosities
  18 Ice Fiends
  26 titans
  11 quicksilver dragons
  9 liches
  A shard shrike skeleton (Abyss:4)
  20 tainted leviathans
  7 deep elf blademasters
  29 searing wretches
  The ghost of Doj the Executioner, an adept HOFi of Beogh (Elf:3)
  22 acid blobs
  9 deep elf master archers
  2 sphinxes (shapeshifter)
  24 Executioners
  36 ancient champions
  24 tentacled starspawn
  Frances (Swamp:2)
  16 sphinxes
  14 shadow dragons
  4 death cobs
  9 draconian monks
  16 storm dragons
  Roxanne (Swamp:3)
  Kirke (D:12)
  9 tengu reavers
  Aizul (Snake:2)
  15 nagarajas
  4 revenants
  Donald (Vaults:4)
  A daeva (Abyss:4)
  19 narguns
  6 rockslimes
  4 deep elf sorcerers
  17 azure jellies
  27 fire giants
  14 quicksilver elementals
  8 draconian knights
  14 vault wardens
  7 iron dragons
  A demonspawn warmonger (Pan)
  A spectral juggernaut (Tar:2)
  3 ghost moths
  4 curse skulls
  4 deep elf elementalists
  23 balrugs
  10 draconian shifters
  An angel (Abyss:3)
  4 draconian scorchers
  14 shard shrike simulacra
  3 spectral caustic shrikes
  9 ghouls
  34 frost giants
  4 draconian annihilators
  15 ironbound preservers
  3 spriggan defenders
  15 cacodemons
  A caustic shrike skeleton (Abyss:4)
  43 very ugly things
  30 war gargoyles
  A formless jellyfish (shapeshifter) (Vaults:4)
  12 formless jellyfish
  11 quicksilver oozes
  19 elemental wellsprings
  An ophan (Abyss:1)
  The ghost of pop123321pop the Warrior, a journeyman MiBe of Trog (D:14)
  9 ironbound thunderhulks
  25 stone giants
  3 demonspawn blood saints (Pan)
  5 juggernaut skeletons
  4 draconian stormcallers
  An orc warlord (Bailey)
  3 demonspawn corrupters (Pan)
  2 vampire knights
  Nessos (D:14)
  16 reapers
  Azrael (D:15)
  11 deep elf demonologists
  7 demonspawn black suns (Pan)
  4 eleionomae
  5 deep elf annihilators
  8 bennus
  12 green draconians
  5 spark wasps (Depths:2)
  11 dire elephants
  21 putrid mouths
  4 bunyips
  12 red draconians
  15 purple draconians
  22 lorocyprocas
  16 yellow draconians
  9 black draconians
  19 wendigos
  12 white draconians
  A minotaur (Gauntlet)
  13 deep elf death magi
  19 eidola
  18 iron golems
  6 blizzard demons
  25 mummy priests
  A spectral quicksilver dragon (Tar:2)
  A merfolk javelineer (Depths:3)
  8 green deaths
  127 slime creatures
  19 ettins
  16 fire dragons
  A quicksilver dragon zombie (Abyss:4)
  An entropy weaver (shapeshifter) (D:14)
  2 spectral iron giants
  2 shambling mangroves
  6 deep elf high priests
  10 jiangshi
  A kraken zombie (Hell)
  14 yaktaur captains
  10 caustic shrike simulacra
  2 spriggan zombies
  16 hydras
  7 rakshasas
  4 spectral spriggans
  A spectral fenstrider witch (Tar:2)
  12 great orbs of eyes
  A spectral golden dragon (Tar:7)
  Erolcha (D:12)
  9 spriggan air magi
  5 juggernaut simulacra
  2 ghost crabs
  8 ice dragons
  3 peacekeepers
  14 ironbound frosthearts
  2 quicksilver dragon skeletons
  A sphinx zombie (Depths:2)
  34 vault guards
  4 salamander tyrants
  4 hell beasts
  9 alligators
  7 ogre magi
  3 catoblepae
  5 stokers
  3 death knights (Crypt:3)
  8 anacondas
  5 two-headed ogres
  32 naga warriors
  5 centaur warriors
  3 boulder beetles
  68 death scarabs
  3 spectral dire elephants
  4 tengu warriors
  28 dancing weapons
  17 naga sharpshooters
  A sphinx skeleton (Vaults:2)
  4 deep troll earth magi
  5 deep troll shamans
  3 vampire magi
  6 death yaks
  An orc high priest (Orc:2)
  13 spriggan berserkers
  16 demonic crawlers
  3 shock serpents
  46 thrashing horrors
  48 hell hogs
  28 deep elf knights
  45 sun demons
  12 hell knights
  40 skeletal warriors
  13 crystal echidnas
  33 wretched stars
  26 soul eaters
  A titan skeleton (Vaults:2)
  An iron giant zombie (Tomb:1)
  3 spatial maelstroms (Abyss:4)
  27 shadow wraiths
  11 iron trolls
  4 salamander mystics
  4 sea snakes (Snake:3)
  6 skysharks
  6 quicksilver dragon simulacra
  5 goliath frogs
  A goliath frog (shapeshifter) (Vaults:5)
  22 sixfirhies
  47 deep trolls
  9 glowing orange brains
  7 flayed ghosts
  4 shadow demons
  8 bog bodies
  2 spriggan druids
  5 naga ritualists
  A spectral iron dragon (Tar:2)
  6 swamp dragons
  2 kraken simulacra (Coc:7)
  A spectral hydra (Tar:2)
  An orb spider (Abyss:2)
  11 ironbound convokers
  A lindwurm (shapeshifter) (Abyss:3)
  An anaconda skeleton (Abyss:4)
  2 iron giant skeletons
  7 orc knights
  9 phantasmal warriors
  6 lindwurms
  2 mana vipers (shapeshifter)
  11 necromancers
  36 deep elf pyromancers
  26 deep elf archers
  7 wizards
  122 large abominations
  32 deep elf zephyrmancers
  7 harpies
  An alligator zombie (Hell)
  38 ugly things
  A wolf spider (D:15)
  11 salamanders
  A spectral ettin (Tar:2)
  8 will-o-the-wisps
  17 mana vipers
  An iron dragon zombie (Depths:2)
  5 shining eyes
  6 orc sorcerers
  7 worldbinders
  16 moths of wrath
  5 manticores
  2 iron dragon skeletons
  A spectral fire dragon (Tar:1)
  Joseph (D:8)
  6 cyclopes
  A spectral centaur (Tar:1)
  2 dire elephant zombies
  19 naga magi
  4 titan simulacra
  A fire giant skeleton (Vaults:2)
  Maurice (D:10)
  14 guardian serpents
  A toenail golem (Abyss:4)
  A frost giant skeleton (Vaults:2)
  10 apocalypse crabs
  10 rust devils
  4 ice statues
  7 eyes of devastation
  16 orange demons
  4 molten gargoyles (Hell)
  9 elephants
  A guardian serpent (shapeshifter) (Elf:1)
  16 vault sentinels
  38 black mambas
  An alligator snapping turtle zombie (Abyss:1)
  A gargoyle (D:12)
  A storm dragon simulacrum (Coc:1)
  53 smoke demons
  3 rime drakes
  22 cane toads
  3 dire elephant skeletons
  A green draconian zombie (Crypt:2)
  A torpor snail (Lair:5)
  39 hellions
  10 efreet
  8 unseen horrors
  8 komodo dragons
  Psyche (D:8)
  2 kobold demonologists
  13 freezing wraiths
  22 tormentors
  5 anaconda simulacra
  A green draconian skeleton (Crypt:2)
  6 tengu conjurers
  A sea snake zombie (Hell)
  3 spectral nagas
  30 yaktaurs
  A mana viper zombie (Crypt:2)
  27 ancient zymes
  19 hellwings
  2 red devils (Pan)
  A yaktaur skeleton (Vaults:2)
  2 golden dragon simulacra
  4 ice devils
  7 tyrant leeches
  9 trolls
  A tengu simulacrum (Depths:2)
  2 silent spectres
  51 guardian mummies
  4 catoblepas skeletons (Abyss:3)
  2 bloated husks
  A shadow dragon simulacrum (Tomb:3)
  4 polar bears
  2 hydra zombies (Hell)
  24 hornets
  An alligator simulacrum (Hell)
  A satyr zombie (Crypt:2)
  16 blink frogs
  97 raiju
  2 ettin zombies
  3 harpy skeletons
  A stone giant simulacrum (Coc:2)
  6 dream sheep (Lair:5)
  69 flying skulls
  A hydra skeleton (Crypt:2)
  3 iron dragon simulacra
  19 spriggans
  3 centaur simulacra
  2 air elementals
  Sigmund (D:6)
  A guardian serpent skeleton (Crypt:1)
  8 dire elephant simulacra
  2 spriggans (shapeshifter)
  6 shadows
  33 yaks
  45 ynoxinuls
  Eustachio (D:4)
  8 wyverns
  4 ushabtiu
  9 water elementals
  2 vampires
  5 wraiths
  Grum (D:8)
  2 hogs (D:12)
  3 humans (D:12)
  145 starcursed masses
  8 fire elementals
  32 chaos spawn
  10 fire bats
  32 neqoxecs
  5 golden eyes (Abyss:4)
  13 vampire mosquitoes
  A steam dragon (D:10)
  3 alligator snapping turtle simulacra
  2 wargs
  A death yak simulacrum (IceCv)
  Menkaure (D:5)
  16 harpy simulacra
  61 nagas
  3 spatial vortices
  2 acid dragons
  5 hydra simulacra
  17 swamp worms
  18 water moccasins
  A deep troll skeleton (Abyss:1)
  11 hell hounds
  8 swamp drakes
  A floating eye (Pan)
  3 glowing shapeshifter skeletons (Vaults:2)
  A floating eye (shapeshifter) (Abyss:2)
  49 orc warriors
  4 ice beasts
  2 black bears (Lair:1)
  A sky beast (D:8)
  8 ettin simulacra
  A snapping turtle zombie (Crypt:1)
  17 ogres
  A swamp dragon zombie (Tomb:1)
  10 centaurs
  A tengu (shapeshifter) (Vaults:5)
  5 human skeletons (Vaults:2)
  A manticore skeleton (Crypt:2)
  24 wolves
  A phantom (D:12)
  3 kobold brigands
  A rime drake skeleton (Crypt:1)
  A vine stalker zombie (Crypt:2)
  3 gnoll sergeants
  12 bullfrogs
  3 two-headed ogre simulacra (IceCv)
  3 cane toad simulacra (IceCv)
  6 necrophages
  12 earth elementals
  2 scorpions
  14 wights
  40 small abominations
  A water moccasin skeleton (Crypt:1)
  24 killer bees
  4 elephant simulacra (IceCv)
  A troll zombie (D:12)
  A yak skeleton (Crypt:2)
  2 howler monkeys
  4 spriggan skeletons
  3 electric eels
  4 quasits
  5 hounds
  6 jellies
  Crazy Yiuf (D:2)
  13 orc priests
  4 iron imps
  4 iguanas
  26 orc wizards
  13 spriggan simulacra
  4 polar bear simulacra (IceCv)
  9 troll simulacra (IceCv)
  A boggart skeleton (Crypt:2)
  A wolf simulacrum (IceCv)
  A sky beast zombie (Crypt:1)
  6 ogre zombies
  30 mummies
  Robin (D:2)
  23 gnolls
  9 adders
  10 naga simulacra
  25 white imps
  12 ufetubi
  A worm (D:4)
  4 dart slugs
  121 orcs
  10 bats
  6 endoplasms
  3 giant cockroaches
  31 goblins
  21 hobgoblins
  4 jackals (D:1)
  2 quokkas (D:1)
  A river rat zombie (Crypt:1)
  8 ball pythons
  A frilled lizard (D:3)
  A goblin skeleton (D:12)
  A goblin zombie (D:12)
  2 hobgoblin zombies (D:12)
  A jackal skeleton (Crypt:1)
  30 kobolds
  An orc skeleton (D:12)
  15 orc zombies
  2 rats (D:1)
  3 creeping infernos
  12 fire vortices
  4 lurking horrors
  2 spectral weapons (Zot:5)
  25 starspawn tentacles
  3 tentacles
5037 creatures vanquished.

Vanquished Creatures (collateral kills)
  5 royal mummies (Tomb:1)
  4 Killer Klowns (Zot:5)
  A golden dragon (Zot:4)
  A Tzitzimitl (Pan)
  A Brimstone Fiend (Pan)
  A Hell Sentinel (Pan)
  2 tentacled monstrosities
  5 Orb Guardians (Zot:5)
  A death cob (Zot:4)
  5 Executioners (Pan)
  A storm dragon (Zot:5)
  2 demonspawn warmongers (Pan)
  A reaper (Pan)
  A draconian shifter (Zot:5)
  4 cacodemons (Pan)
  A draconian annihilator (Zot:5)
  2 demonspawn black suns (Pan)
  2 very ugly things (Pan)
  A purple draconian (Zot:4)
  2 red draconians (Zot:4)
  2 black draconians
  2 bennus
  A deep elf annihilator (Pan)
  3 blizzard demons (Pan)
  2 green deaths (Pan)
  2 mummy priests (Tomb:2)
  2 rakshasas (Pan)
  18 death scarabs
  2 demonic crawlers (Pan)
  A sun demon (Pan)
  3 soul eaters (Pan)
  2 sixfirhies (Pan)
  2 shadow wraiths (Pan)
  A bunyip zombie (Tomb:2)
  3 shadow demons (Pan)
  3 glowing orange brains (Pan)
  4 wizards (Pan)
  A bunyip skeleton (Pan)
  A stone giant skeleton (Pan)
  An ugly thing (Pan)
  5 smoke demons (Pan)
  2 orange demons (Pan)
  2 hellions (Pan)
  A dire elephant skeleton (Pan)
  5 guardian mummies
  3 hellwings (Pan)
  13 large abominations (Pan)
  A flying skull (Tomb:1)
  3 ushabtiu
  3 ynoxinuls (Pan)
  7 chaos spawn (Pan)
  10 neqoxecs (Pan)
  A small abomination (Depths:3)
  3 hell hounds (Pan)
  A naga skeleton (Pan)
  13 mummies
  A ball lightning (Pan)
  A spectral weapon (Zot:5)
174 creatures vanquished.

Vanquished Creatures (others)
  A shard shrike (Coc:7)
  A profane servitor (Abyss:4)
  2 Hell Sentinels (Dis:7)
  A fire giant (Geh:6)
  A stone giant (Vaults:4)
  2 very ugly things (Depths:3)
  2 elemental wellsprings
  A wendigo (Coc:6)
  A lorocyproca (Abyss:3)
  An ettin (Depths:2)
  A juggernaut simulacrum (Coc:5)
  A caustic shrike simulacrum (Coc:3)
  2 deep elf knights
  A skyshark (Elf:3)
  2 quicksilver dragon simulacra
  A spriggan simulacrum (Coc:6)
  A bog body (IceCv)
  A swamp dragon (Swamp:4)
  A wizard (Vaults:1)
  3 deep elf pyromancers
  2 mana vipers (WizLab)
  An ugly thing (Vaults:1)
  A titan simulacrum (Coc:6)
  2 smoke demons (Pan)
  An anaconda simulacrum (Coc:3)
  A guardian mummy (Tomb:3)
  A tormentor (Dis:5)
  3 iron giant simulacra
  2 bloated husks
  A hornet (Swamp:4)
  A harpy skeleton (Abyss:1)
  An iron dragon simulacrum (Coc:7)
  A spriggan (Depths:2)
  2 neqoxecs (Pan)
  A naga (Abyss:4)
  A harpy simulacrum (Coc:6)
  A naga skeleton (Abyss:4)
  2 orc warriors (Orc:2)
  2 naga simulacra (Coc:4)
  2 small abominations
  A mummy (Tomb:3)
  3 orcs
  5 ball lightnings (Pan)
  4 creeping infernos
  34 foxfires
  4 lurking horrors
  23 starspawn tentacles
  9 tentacles
139 creatures vanquished.

Grand Total: 5350 creatures vanquished

Notes
Turn   | Place    | Note
-------+----------+-------------------------------------------
     0 | D:1      | Kurtz the Octopode Fighter began the quest for the Orb.
     0 | D:1      | Reached XP level 1. HP: 16/16 MP: 1/1
    96 | D:1      | Reached XP level 2. HP: 20/21 MP: 2/2
   171 | D:1      | You fall into a shaft and drop 1 floor!
   618 | D:3      | Reached XP level 3. HP: 26/26 MP: 3/3
  1100 | D:4      | Reached XP level 4. HP: 27/31 MP: 4/4
  1110 | D:4      | Reached skill level 5 in Axes
  1110 | D:4      | Reached XP level 5. HP: 18/36 MP: 5/5
  1493 | D:4      | Found a staircase to the Ecumenical Temple.
  1503 | Temple   | Entered the Ecumenical Temple
  1526 | Temple   | Became a worshipper of Warmaster Okawaru
  1551 | D:4      | Reached XP level 6. HP: 30/42 MP: 6/6
  1708 | D:2      | Noticed Robin
  1714 | D:2      | Killed Robin
  1745 | D:2      | Found Kaeg Zal's Antique Weapon Boutique.
  1753 | D:2      | Bought a runed broad axe for 126 gold pieces
  1867 | D:2      | Found a runed translucent door.
  1868 | D:2      | Noticed Crazy Yiuf
  2504 | D:4      | Reached * piety under Okawaru
  2820 | D:5      | Entered Level 5 of the Dungeon
  2826 | D:5      | Noticed Eustachio
  2952 | D:5      | Reached XP level 7. HP: 46/46 MP: 7/7
  2989 | D:5      | Noticed Menkaure
  3078 | D:5      | Killed Menkaure
  3288 | D:4      | Reached ** piety under Okawaru
  3473 | D:4      | Killed Eustachio
  3474 | D:4      | Reached XP level 8. HP: 42/52 MP: 8/8
  4283 | D:5      | Reached skill level 5 in Dodging
  4999 | D:5      | Reached *** piety under Okawaru
  5075 | D:5      | Reached XP level 9. HP: 27/60 MP: 6/9
  5076 | D:5      | Reached skill level 5 in Fighting
  5790 | D:6      | Found a radiant altar of Vehumet.
  5797 | D:6      | Noticed Blork the orc
  5957 | D:6      | Blork the orc changed into Blork the killer bee
  5957 | D:6      | Noticed Blork
  5960 | D:6      | Killed Blork the killer bee
  5965 | D:6      | Found Macsuuko's Magic Scroll Emporium.
  6069 | D:6      | Bought a scroll of identify for 30 gold pieces
  6069 | D:6      | Bought a scroll of enchant weapon for 112 gold pieces
  6165 | D:6      | Noticed Sigmund
  6168 | D:6      | Killed Sigmund
  6168 | D:6      | Reached **** piety under Okawaru
  6515 | D:7      | Found Omubusm's Book Shop.
  6565 | D:7      | Found a flagged portal.
  6576 | Bailey   | Entered a bailey
  6922 | Bailey   | Reached XP level 10. HP: 71/71 MP: 8/10
  7000 | Bailey   | Noticed an orc warlord
  7035 | Bailey   | Noticed an orc knight
  7050 | Bailey   | Killed an orc knight
  7050 | Bailey   | Reached ***** piety under Okawaru
  7051 | Bailey   | Reached skill level 10 in Axes
  7103 | Bailey   | Killed an orc warlord
  7376 | Bailey   | Reached XP level 11. HP: 75/75 MP: 11/11
  7796 | D:7      | Found Tomoumaw's Jewellery Shoppe.
  7934 | D:7      | Found Jacazoo's Distillery.
  7937 | D:7      | Bought a potion of berserk rage for 60 gold pieces
  7937 | D:7      | Bought a potion of invisibility for 96 gold pieces
  7937 | D:7      | Bought 2 potions of degeneration for 24 gold pieces
  9199 | D:8      | Noticed Joseph
  9208 | D:8      | Killed Joseph
  9209 | D:8      | Reached skill level 15 in Axes
  9426 | D:8      | Noticed Grum
  9449 | D:8      | Killed Grum
  9664 | D:8      | Found a stormy altar of Qazlal.
  9760 | D:8      | Noticed Psyche
  9763 | D:8      | Killed Psyche
 10836 | D:9      | Reached XP level 12. HP: 71/81 MP: 12/12
 11515 | D:9      | Reached skill level 5 in Shields
 12354 | D:10     | Entered Level 10 of the Dungeon
 12709 | D:10     | Noticed Maurice
 12714 | D:10     | Killed Maurice
 12761 | D:10     | Received a gift from Okawaru
 12824 | D:10     | Found a staircase to the Lair.
 13356 | D:11     | Found a flickering gateway to a bazaar.
 13380 | Bazaar   | Entered a bazaar
 13380 | Bazaar   | Found Ciank's Jewellery Shoppe.
 13380 | Bazaar   | Found Ada Qapa's Book Emporium.
 13508 | Bazaar   | Found Wyabesuv's Armour Shoppe.
 13524 | Bazaar   | Found Saozelo's Assorted Antiques.
 13548 | Bazaar   | Bought the ring "Tyfor" {rElec Will+ Int-4 Dex+6 SInv} for
                  | 331 gold pieces
 13870 | D:11     | Reached ****** piety under Okawaru
 13873 | D:11     | Acquired the +0 mask of the Dragon {Will+ Slay+3 SInv}
 13873 | D:11     | Received a gift from Okawaru
 13873 | D:11     | Found the +0 mask of the Dragon {Will+ Slay+3 SInv}
 13880 | D:11     | Acquired a +2 broad axe of freezing
 13880 | D:11     | Received a gift from Okawaru
 13956 | D:11     | Received a gift from Okawaru
 14633 | D:12     | Noticed Kirke
 14651 | D:12     | Killed Kirke
 14652 | D:12     | Reached skill level 10 in Dodging
 14830 | D:12     | Found Yssamaza's Book Shoppe.
 14840 | D:12     | Noticed a two-headed ogre
 14852 | D:12     | Killed a two-headed ogre
 14878 | D:12     | Reached XP level 13. HP: 86/86 MP: 13/13
 14905 | D:12     | Found a staircase to the Orcish Mines.
 14930 | D:12     | Reached skill level 10 in Shields
 15293 | D:12     | Found a gateway to a bazaar.
 15390 | Bazaar   | Entered a bazaar
 15401 | Bazaar   | Found Wybb's Jewellery Boutique.
 15401 | Bazaar   | Found Futoy's Jewellery Shop.
 15461 | Bazaar   | Found Fygreur's Weapon Boutique.
 15461 | Bazaar   | Found Hunliwn's Book Shop.
 15585 | D:12     | Found Jiuqa's Antique Weapon Boutique.
 15717 | D:12     | Found Icaxohan's Weapon Shop.
 15776 | D:12     | Noticed Erolcha
 15784 | D:12     | Killed Erolcha
 15992 | Lair:1   | Entered Level 1 of the Lair of Beasts
 16045 | Lair:1   | Received a gift from Okawaru
 16687 | Lair:1   | Received a gift from Okawaru
 17377 | Lair:2   | Found a staircase to the Snake Pit.
 17530 | Lair:2   | Received a gift from Okawaru
 18007 | Lair:3   | Found a staircase to the Swamp.
 18007 | Lair:3   | Noticed an eleionoma
 18015 | Lair:3   | Killed an eleionoma
 18020 | Lair:3   | Reached XP level 14. HP: 86/92 MP: 14/14
 18150 | Lair:3   | Identified the +1 morningstar of Sloth {flame, rF+ rC+
                  | Will++ Int-2}
 19352 | Lair:4   | Received a gift from Okawaru
 20019 | Lair:5   | Entered Level 5 of the Lair of Beasts
 20109 | Lair:5   | Found a gate leading to a gauntlet.
 20124 | Gauntlet | Entered a Gauntlet
 20124 | Gauntlet | Found a transporter.
 20124 | Gauntlet | Found a transporter.
 20125 | Gauntlet | Found a transporter.
 20125 | Gauntlet | Found a transporter.
 20128 | Gauntlet | Found a transporter.
 20128 | Gauntlet | Found a transporter.
 20138 | Gauntlet | Found a transporter.
 20142 | Gauntlet | Found a transporter.
 20147 | Gauntlet | Noticed a dire elephant
 20152 | Gauntlet | Found a transporter.
 20252 | Gauntlet | Found a transporter.
 20256 | Gauntlet | Found a transporter.
 20266 | Gauntlet | Found a transporter.
 20411 | Gauntlet | Received a gift from Okawaru
 20422 | Gauntlet | Identified the amulet of Hiomaz {RegenMP rPois}
 20503 | Gauntlet | Killed a dire elephant
 20511 | Gauntlet | Identified the ring of Jezxoym {*Slow rElec EV+5 Int+4}
 20694 | Gauntlet | Identified the amulet "Bousus" {Faith MP+9}
 21530 | Lair:5   | Received a gift from Okawaru
 21531 | Lair:5   | Reached skill level 1 in Shapeshifting
 21587 | Lair:5   | Noticed a dire elephant
 21599 | Lair:5   | Reached XP level 15. HP: 51/97 MP: 7/15
 21872 | Lair:5   | Found a staircase to the Slime Pits.
 22476 | Lair:5   | Reached skill level 15 in Shields
 22834 | Orc:1    | Entered Level 1 of the Orcish Mines
 22867 | Orc:2    | Entered Level 2 of the Orcish Mines
 22870 | Orc:2    | Found a gateway to a bazaar.
 22876 | Orc:1    | Found a frozen archway.
 22903 | IceCv    | Entered an ice cave
 23967 | Orc:2    | Found a staircase to the Elven Halls.
 24162 | Orc:2    | Found Woyh's General Store.
 24162 | Orc:2    | Found Gyfot's Antique Weapon Shoppe.
 24167 | Orc:2    | Found Uphu's General Store.
 24177 | Orc:2    | Found Cotet's Magic Scroll Boutique.
 24201 | Orc:2    | Bought a scroll of identify for 24 gold pieces
 24201 | Orc:2    | Identified a scroll of acquirement
 24277 | Orc:2    | Bought a potion of cancellation for 112 gold pieces
 24277 | Orc:2    | Bought a scroll of identify for 28 gold pieces
 24277 | Orc:2    | Bought a scroll of identify for 28 gold pieces
 24281 | Orc:2    | Bought a scroll of enchant weapon for 112 gold pieces
 24281 | Orc:2    | Bought a scroll of teleportation for 45 gold pieces
 24281 | Orc:2    | Bought a scroll of fear for 60 gold pieces
 24599 | D:6      | Bought a scroll of enchant weapon for 112 gold pieces
 24599 | D:6      | Bought a scroll of fog for 60 gold pieces
 24599 | D:6      | Bought a scroll of revelation for 112 gold pieces
 24599 | D:6      | Bought a scroll of revelation for 112 gold pieces
 24666 | D:7      | Bought the ring of Netajif {Str+4 Int+4 Dex+6} for 837 gold
                  | pieces
 25148 | Orc:1    | Received a gift from Okawaru
 25522 | Elf:1    | Entered Level 1 of the Elven Halls
 25772 | Snake:1  | Entered Level 1 of the Snake Pit
 26092 | Snake:1  | Reached XP level 16. HP: 100/108 MP: 16/16
 26468 | Snake:2  | Noticed Vashnia
 26562 | Snake:2  | Received a gift from Okawaru
 26728 | Snake:2  | Noticed a nagaraja
 26855 | Snake:2  | Killed a nagaraja
 26855 | Snake:2  | Noticed Aizul
 26864 | Snake:2  | Killed Aizul
 26865 | Snake:2  | Reached skill level 10 in Fighting
 26867 | Snake:2  | Reached skill level 1 in Stealth
 26920 | Snake:2  | Found Duraew Tibil's Antique Armour Shoppe.
 26924 | Snake:2  | Found Caehed's Distillery.
 27241 | Snake:2  | Found Muemaw's Distillery.
 27405 | Snake:3  | Received a gift from Okawaru
 27557 | Snake:3  | Got a dusty book
 27891 | Snake:3  | Found Xuyxzajopt's Antique Armour Boutique.
 27910 | Snake:3  | Received a gift from Okawaru
 28542 | Snake:3  | Reached skill level 5 in Stealth
 28870 | Snake:4  | Entered Level 4 of the Snake Pit
 28958 | Snake:4  | Received a gift from Okawaru
 29008 | Snake:4  | Reached XP level 17. HP: 117/117 MP: 17/17
 29859 | Snake:4  | Identified the +6 sling "Tagrixit" {heavy, Int+2}
 30564 | Snake:4  | Received a gift from Okawaru
 31534 | Snake:4  | Got a serpentine rune of Zot
 31766 | Swamp:1  | Entered Level 1 of the Swamp
 31944 | Swamp:1  | Received a gift from Okawaru
 32432 | Swamp:2  | Noticed Frances
 32449 | Swamp:2  | Killed Frances
 32450 | Swamp:2  | Reached XP level 18. HP: 127/127 MP: 18/18
 33274 | Swamp:3  | Received a gift from Okawaru
 33482 | Swamp:3  | Noticed Bai Suzhen
 33501 | Swamp:3  | Killed Bai Suzhen
 33502 | Swamp:3  | Reached skill level 5 in Shapeshifting
 34021 | Swamp:3  | Noticed Roxanne
 34233 | Swamp:4  | Entered Level 4 of the Swamp
 34942 | Swamp:4  | Received a gift from Okawaru
 35269 | Swamp:4  | Got a decaying rune of Zot
 35559 | Swamp:3  | Killed Roxanne
 36452 | D:13     | Found Sienker's Antique Weapon Emporium.
 36783 | D:14     | Found Tucu's Book Emporium.
 36869 | D:14     | Received a gift from Okawaru
 37033 | D:14     | Found a runed translucent door.
 37051 | D:14     | Noticed Nessos
 37058 | D:14     | Killed Nessos
 37073 | D:14     | Noticed pop123321pop's ghost (journeyman MiBe)
 37081 | D:14     | Found a blossoming altar of Fedhas.
 37092 | D:14     | Reached XP level 19. HP: 135/135 MP: 19/19
 37477 | D:14     | Found a gate to the Vaults.
 37574 | D:15     | Entered Level 15 of the Dungeon
 37759 | D:15     | Found a staircase to the Depths.
 38045 | D:15     | Noticed Azrael
 38059 | D:15     | Killed Azrael
 38070 | D:15     | Found a shimmering blue altar of Sif Muna.
 38581 | D:2      | Killed Crazy Yiuf
 38912 | D:14     | Killed pop123321pop's ghost
 38923 | D:14     | Identified the +3 falchion "Kihadap" {flame, rElec}
 39057 | Elf:1    | Paralysed by an air elemental for 1 turns
 39063 | Elf:1    | Paralysed by an air elemental for 1 turns
 39285 | Elf:1    | Received a gift from Okawaru
 39319 | Elf:1    | Reached skill level 10 in Shapeshifting
 40472 | Elf:1    | Received a gift from Okawaru
 40631 | Elf:1    | Noticed an Ice Fiend
 40753 | Elf:1    | Found a runed translucent gate.
 40753 | Elf:1    | Found a runed translucent gate.
 40753 | Elf:1    | Found a runed translucent gate.
 40753 | Elf:1    | Found a runed translucent gate.
 40753 | Elf:1    | Found a runed translucent gate.
 40754 | Elf:1    | Found a runed translucent gate.
 41630 | Bazaar   | Entered a bazaar
 41630 | Bazaar   | Found Muma's Antique Weapon Shop.
 41642 | Bazaar   | Found Foabriukh's General Store.
 41668 | Bazaar   | Found Bypsaf's Antique Armour Shop.
 41860 | Elf:2    | Found a huge runed translucent gate.
 41860 | Elf:2    | Found a huge runed translucent gate.
 41860 | Elf:2    | Found a huge runed translucent gate.
 41862 | Elf:2    | Found a huge runed translucent gate.
 41863 | Elf:2    | Found a huge runed translucent gate.
 42177 | Elf:2    | Received a gift from Okawaru
 42458 | Elf:2    | Reached XP level 20. HP: 126/141 MP: 18/20
 42985 | Elf:3    | Entered Level 3 of the Elven Halls
 43115 | Elf:3    | Noticed Doj's ghost (adept HOFi)
 43116 | Elf:3    | Found a runed translucent door.
 43433 | Elf:3    | Received a gift from Okawaru
 43496 | Elf:3    | Noticed Norris
 43510 | Elf:3    | Killed Norris
 43825 | Elf:3    | Killed Doj's ghost
 45017 | Elf:3    | Identified the +6 short sword of Oviraw {freeze, rF+}
 45491 | Elf:3    | Received a gift from Okawaru
 46504 | Elf:3    | Noticed a Tzitzimitl
 46969 | Elf:3    | Noticed a Tzitzimitl
 47088 | Elf:3    | Reached skill level 15 in Fighting
 47099 | Elf:3    | Identified the +1 plate armour "Xudifezo" {Str+5}
 47713 | Elf:3    | Identified the staff of the Slime-mould {rPois rN+ Necro
                  | Fire}
 47723 | Elf:3    | Identified the +7 sling of Biecw {freeze, rF++}
 48066 | Snake:2  | Bought a potion of haste for 140 gold pieces
 48066 | Snake:2  | Bought a potion of haste for 140 gold pieces
 48066 | Snake:2  | Bought a potion of resistance for 140 gold pieces
 48412 | Snake:2  | Bought a potion of curing for 45 gold pieces
 48412 | Snake:2  | Bought a potion of curing for 45 gold pieces
 48412 | Snake:2  | Bought a potion of heal wounds for 75 gold pieces
 48412 | Snake:2  | Bought a potion of curing for 45 gold pieces
 48412 | Snake:2  | Bought a potion of resistance for 150 gold pieces
 48412 | Snake:2  | Bought a potion of resistance for 150 gold pieces
 48825 | Vaults:1 | Entered Level 1 of the Vaults
 48945 | Vaults:1 | Noticed Nikola
 48987 | Vaults:1 | Killed Nikola
 49721 | Vaults:1 | Reached skill level 15 in Shapeshifting
 49883 | Vaults:1 | Found Urovocro's Book Shop.
 50264 | Vaults:1 | Reached XP level 21. HP: 151/151 MP: 21/21
 50877 | Vaults:2 | Received a gift from Okawaru
 50981 | Vaults:2 | Found a staircase to the Crypt.
 51288 | Vaults:2 | Identified the +6 orcbow of Loddof {flame, rC+}
 51915 | Vaults:2 | Received a gift from Okawaru
 52378 | Vaults:3 | Found a magical portal.
 52383 | WizLab   | Entered Yara's Duelist Academy
 53256 | WizLab   | Noticed Jusexzat
 53291 | WizLab   | Killed Jusexzat the Head Instructor
 53492 | WizLab   | Got a fusty book
 53748 | Vaults:3 | Received a gift from Okawaru
 53761 | Vaults:3 | Found a runed translucent door.
 54946 | Vaults:3 | Reached XP level 22. HP: 157/157 MP: 22/22
 55038 | Vaults:4 | Noticed Donald
 55056 | Vaults:4 | Killed Donald
 55144 | Vaults:4 | Received a gift from Okawaru
 55673 | Vaults:4 | Noticed Margery
 55685 | Vaults:4 | Killed Margery
 56514 | Depths:1 | Entered Level 1 of the Depths
 56592 | Depths:1 | Received a gift from Okawaru
 56653 | Depths:1 | Learned a level 2 spell: Wereblood
 56681 | Depths:1 | Acquired the +0 hat "Lianenti" {-Cast rPois rC+++ Int-5}
 56877 | Depths:1 | Identified the +3 dagger of Slime {flame, *Slow rC+++
                  | Str+4}
 57016 | Depths:1 | Found a gateway to Hell.
 57017 | Depths:1 | Found a portal to a secret trove of treasure.
 57027 | Depths:1 | Reached skill level 1 in Transmutations
 57258 | Depths:1 | Reached skill level 1 in Spellcasting
 57811 | Depths:2 | Received a gift from Okawaru
 57831 | Depths:2 | Reached XP level 23. HP: 130/162 MP: 14/26
 57951 | Depths:2 | Noticed a golden dragon
 57953 | Depths:2 | Noticed a caustic shrike
 57955 | Depths:2 | Noticed a caustic shrike
 57959 | Depths:2 | Killed a golden dragon
 57962 | Depths:2 | Killed a caustic shrike
 57965 | Depths:2 | Noticed a caustic shrike
 57966 | Depths:2 | Killed a caustic shrike
 57966 | Depths:2 | Received a gift from Okawaru
 57977 | Depths:2 | Killed a caustic shrike
 57995 | Depths:2 | Noticed a juggernaut
 57996 | Depths:2 | Reached skill level 10 in Stealth
 58002 | Depths:2 | Killed a juggernaut
 58127 | Depths:2 | Noticed a juggernaut
 58142 | Depths:2 | Killed a juggernaut
 58701 | Depths:2 | Received a gift from Okawaru
 58887 | Depths:2 | Found a one-way gate leading to the halls of Pandemonium.
 59054 | Depths:3 | Noticed Jory
 59070 | Depths:3 | Killed Jory
 59531 | Depths:3 | Received a gift from Okawaru
 59532 | Depths:3 | Reached skill level 15 in Dodging
 59581 | Depths:3 | Reached XP level 24. HP: 170/170 MP: 27/29
 59659 | Depths:3 | Reached skill level 5 in Transmutations
 59693 | Depths:3 | Identified the +6 long sword of Quantum Leap {flame, rPois}
 59715 | Depths:3 | Found a one-way gate to the infinite horrors of the Abyss.
 59944 | Depths:4 | Entered Level 4 of the Depths
 59953 | Depths:4 | Found a one-way gateway to a ziggurat.
 60687 | Depths:4 | Found a gate to the Realm of Zot.
 61282 | Temple   | Fell from the grace of Okawaru
 61282 | Temple   | Became a worshipper of Gozag Ym Sagoz the Greedy
 61671 | Vaults:5 | Entered Level 5 of the Vaults
 61722 | Vaults:4 | Reached skill level 5 in Spellcasting
 62470 | Vaults:5 | Noticed an ancient lich
 62483 | Vaults:5 | Killed an ancient lich
 62913 | Vaults:5 | Noticed Boris
 62915 | Vaults:5 | Reached XP level 25. HP: 107/180 MP: 6/30
 62930 | Vaults:5 | Killed Boris
 62931 | Vaults:5 | Noticed a dread lich
 62938 | Vaults:5 | Killed a dread lich
 63172 | Vaults:5 | Identified the ring "Esaafoc" {Fly rN+ rCorr}
 63176 | Vaults:5 | Noticed a dread lich
 63184 | Vaults:5 | Killed a dread lich
 63440 | Vaults:5 | Noticed an ancient lich
 63449 | Vaults:5 | Killed an ancient lich
 63539 | Vaults:5 | Noticed a dread lich
 63550 | Vaults:5 | Killed a dread lich
 63734 | Vaults:5 | Learned a level 8 spell: Ignition
 63743 | Vaults:5 | Learned a level 8 spell: Infestation
 64093 | Vaults:5 | Got a silver rune of Zot
 64259 | Vaults:5 | Identified the +0 ring mail of Soft Life {rPois}
 64394 | Vaults:5 | Identified the +1 arbalest "Lidghaoje" {penet, rN+}
 64452 | Vaults:5 | Identified the staff of Victory {rElec rC++ Will+ Dex-2
                  | Earth}
 64813 | Crypt:1  | Entered Level 1 of the Crypt
 64958 | Crypt:1  | Reached skill level 1 in Necromancy
 65015 | Crypt:1  | Reached skill level 1 in Fire Magic
 65955 | Crypt:3  | Entered Level 3 of the Crypt
 66130 | Crypt:3  | Found a basalt altar of Yredelemnul.
 66872 | Crypt:3  | Reached XP level 26. HP: 194/194 MP: 30/30
 67002 | Crypt:3  | Identified the +10 hand cannon of Sunlight {flame, +Blink}
 67059 | Crypt:3  | Found a staircase to the Tomb.
 67059 | Crypt:3  | Noticed Khufu
 67071 | Crypt:3  | Killed Khufu
 67086 | Crypt:3  | Identified the +6 battleaxe of the Bespelling Gods {freeze,
                  | rF+++ rC+ Dex-5 SInv}
 67732 | Depths:3 | Bought the ring "Receavin" {rF+ AC+4 Slay+6 SInv} for 873
                  | gold pieces
 67742 | Depths:3 | Bought 2 scrolls of revelation for 270 gold pieces
 67742 | Depths:3 | Bought a scroll of teleportation for 54 gold pieces
 67742 | Depths:3 | Bought a scroll of teleportation for 54 gold pieces
 67742 | Depths:3 | Bought a scroll of teleportation for 54 gold pieces
 67742 | Depths:3 | Bought a scroll of fog for 72 gold pieces
 67744 | Depths:3 | Bought a potion of might for 80 gold pieces
 67744 | Depths:3 | Bought a potion of curing for 60 gold pieces
 67744 | Depths:3 | Bought a potion of invisibility for 160 gold pieces
 67744 | Depths:3 | Bought a potion of might for 80 gold pieces
 67746 | Depths:3 | Voluntarily entered the Abyss.
 67749 | Abyss:1  | Found a corrupted altar of Lugonu.
 67891 | Abyss:1  | Was forgiven by Okawaru
 68020 | Depths:3 | Escaped the Abyss
 68028 | Depths:3 | Voluntarily entered the Abyss.
 68170 | Depths:3 | Escaped the Abyss
 68172 | Depths:3 | Voluntarily entered the Abyss.
 68175 | Abyss:2  | Found a corrupted altar of Lugonu.
 68365 | Depths:3 | Escaped the Abyss
 68367 | Depths:3 | Voluntarily entered the Abyss.
 68393 | Abyss:2  | Found a corrupted altar of Lugonu.
 68425 | Abyss:2  | Found a corrupted altar of Lugonu.
 68425 | Abyss:2  | Found a corrupted altar of Lugonu.
 68594 | Abyss:2  | Found a corrupted altar of Lugonu.
 68754 | Abyss:2  | Gained mutation: You occasionally shout uncontrollably at
                  | your foes. [a neqoxec]
 68893 | Abyss:2  | Found a corrupted altar of Lugonu.
 69057 | Depths:3 | Escaped the Abyss
 69065 | Depths:3 | Bought the amulet of Isafidu {Reflect rF+ Will+ Str+3 SH+5}
                  | for 1285 gold pieces
 69081 | Depths:3 | Bought the ring "Xeucsap" {rC+ rN+ Slay+3} for 1071 gold
                  | pieces
 69094 | Hell     | Entered the Vestibule of Hell
 69094 | Hell     | Noticed Geryon
 69121 | Hell     | Killed Geryon
 69254 | Depths:1 | You paid a toll of the horn of Geryon to enter a treasure
                  | trove
 69255 | Trove    | Entered a treasure trove
 69400 | Depths:3 | Voluntarily entered the Abyss.
 69690 | Depths:3 | Escaped the Abyss
 69692 | Depths:3 | Voluntarily entered the Abyss.
 70065 | Abyss:2  | Gained mutation: You are partially covered in large bone
                  | plates. (SH +4) [a neqoxec]
 70076 | Depths:3 | Escaped the Abyss
 70078 | Depths:3 | Voluntarily entered the Abyss.
 70110 | Abyss:2  | Found a corrupted altar of Lugonu.
 70154 | Depths:3 | Escaped the Abyss
 70201 | Depths:3 | Voluntarily entered the Abyss.
 70304 | Abyss:3  | Noticed a dread lich
 70311 | Abyss:3  | Killed a dread lich
 70312 | Abyss:3  | Reached XP level 27. HP: 201/201 MP: 30/30
 70353 | Abyss:3  | Gained mutation: You are occasionally teleported next to
                  | monsters. [a neqoxec]
 70354 | Abyss:3  | Gained mutation: You are frail. (-10% HP) [a neqoxec]
 70876 | Abyss:4  | Found a corrupted altar of Lugonu.
 70949 | Abyss:4  | Found a corrupted altar of Lugonu.
 70953 | Depths:3 | Escaped the Abyss
 70959 | Depths:3 | Lost mutation: You occasionally shout uncontrollably at
                  | your foes. [potion of mutation]
 70959 | Depths:3 | Lost mutation: You are frail. (-10% HP) [potion of
                  | mutation]
 70959 | Depths:3 | Lost mutation: You are occasionally teleported next to
                  | monsters. [potion of mutation]
 70959 | Depths:3 | Gained mutation: Your mind is acute. (Int +4, Str/Dex -1)
                  | [potion of mutation]
 70959 | Depths:3 | Lost mutation: Your mind is acute. (Int +4, Str/Dex -1)
                  | [potion of mutation]
 70959 | Depths:3 | Gained mutation: You are partially covered in iridescent
                  | scales. (AC +2) [potion of mutation]
 70989 | Depths:3 | Voluntarily entered the Abyss.
 70999 | Abyss:4  | Found a corrupted altar of Lugonu.
 71140 | Abyss:4  | Got an abyssal rune of Zot
 71232 | Abyss:4  | Found a corrupted altar of Lugonu.
 71279 | Abyss:4  | Paralysed by accursed screaming for 2 turns
 71285 | Abyss:4  | Paralysed by accursed screaming for 2 turns
 71290 | Abyss:4  | Paralysed by accursed screaming for 1 turns
 71299 | Abyss:4  | Paralysed by accursed screaming for 1 turns
 71325 | Abyss:4  | Found a corrupted altar of Lugonu.
 71334 | Abyss:4  | Noticed an ancient lich
 71341 | Abyss:4  | Killed an ancient lich
 71413 | Depths:3 | Escaped the Abyss
 71515 | Depths:3 | Voluntarily entered the Abyss.
 71528 | Abyss:4  | Found a corrupted altar of Lugonu.
 71760 | Depths:3 | Escaped the Abyss
 71762 | Depths:3 | Voluntarily entered the Abyss.
 71937 | Abyss:4  | Found a corrupted altar of Lugonu.
 71977 | Abyss:4  | Reached skill level 5 in Necromancy
 72071 | Depths:3 | Escaped the Abyss
 72073 | Depths:3 | Voluntarily entered the Abyss.
 72094 | Depths:3 | Escaped the Abyss
 72096 | Depths:3 | Voluntarily entered the Abyss.
 72269 | Abyss:4  | Reached skill level 5 in Fire Magic
 72586 | Abyss:4  | Paralysed by accursed screaming for 1 turns
 72606 | Abyss:4  | Paralysed by accursed screaming for 1 turns
 72608 | Depths:3 | Escaped the Abyss
 72809 | Depths:3 | Voluntarily entered the Abyss.
 72966 | Abyss:4  | Gained mutation: You are dopey. (Int -2) [a neqoxec]
 73047 | Abyss:4  | Found a corrupted altar of Lugonu.
 73151 | Depths:3 | Escaped the Abyss
 73243 | Hell     | Found a gateway to the freezing wastes of Cocytus.
 73435 | Hell     | Found a gateway to the Iron City of Dis.
 73515 | Hell     | Found a gateway to the ashen valley of Gehenna.
 73570 | Hell     | Found a gateway to the decaying netherworld of Tartarus.
 73687 | Geh:1    | Entered Level 1 of Gehenna
 73758 | Geh:1    | Noticed an ancient lich
 73768 | Geh:1    | Killed an ancient lich
 74995 | Geh:5    | You are sucked into a shaft and drop 1 floor!
 75583 | Geh:7    | Entered Level 7 of Gehenna
 77123 | Geh:7    | Found the +13 sceptre of Asmodeus
 77123 | Geh:7    | Noticed Asmodeus
 77150 | Geh:7    | Killed Asmodeus
 77346 | Geh:7    | Identified the +6 whip "Beroet" {venom, rElec rCorr}
 77353 | Geh:7    | Identified the ring of Awniwn {rC+ Str+3 Int+6 SInv}
 77363 | Geh:7    | Got a glossy book
 77370 | Geh:7    | Identified the +4 flail of Callousness {holy, +Blink Fly
                  | rPois Dex-5}
 77377 | Geh:7    | Identified the amulet of Qoiwo {Reflect Contam Regen+ Str+4
                  | SH+5}
 77398 | Geh:7    | Identified the ring "Camau" {Fire rN+ Str-5 Stlth+}
 77409 | Geh:7    | Got a moth-eaten book
 77421 | Geh:7    | Got an obsidian rune of Zot
 77651 | Coc:1    | Entered Level 1 of Cocytus
 78350 | Coc:4    | Paralysed by a wendigo for 1 turns
 78508 | Coc:4    | Paralysed by a wendigo for 1 turns
 78850 | Coc:6    | Paralysed by a wendigo for 1 turns
 79196 | Coc:7    | Entered Level 7 of Cocytus
 79221 | Coc:7    | Reached skill level 27 in Shields
 79331 | Coc:7    | Paralysed by a wendigo for 1 turns
 79526 | Coc:7    | Paralysed by a wendigo for 1 turns
 79570 | Coc:7    | Paralysed by a wendigo for 1 turns
 79693 | Coc:7    | Reached skill level 10 in Transmutations
 80108 | Coc:7    | Identified the +4 battleaxe of Deformation {heavy, rC+
                  | Will- Dex+5}
 80112 | Coc:7    | Identified the staff of Dawn {rF+ rN+ Str-3 Int+2 Dex+3
                  | Necro}
 80172 | Coc:7    | Paralysed by a wendigo for 1 turns
 80404 | Coc:7    | Identified the +3 bardiche "Duyddifywe" {freeze, Stlth+}
 80404 | Coc:7    | Noticed Antaeus
 80434 | Coc:7    | Killed Antaeus
 80760 | Coc:7    | Got an icy rune of Zot
 80773 | Coc:7    | Got a lithographed book
 80881 | Tar:1    | Entered Level 1 of Tartarus
 80882 | Tar:1    | Found a runed translucent door.
 81204 | Tar:2    | Reached skill level 10 in Spellcasting
 82296 | Tar:6    | Noticed an ancient lich
 82309 | Tar:6    | Killed an ancient lich
 82590 | Tar:7    | Entered Level 7 of Tartarus
 82828 | Tar:7    | Identified the staff of the Lamprey {rElec rF+ Stlth+ Air}
 82970 | Tar:7    | Noticed an ancient lich
 82976 | Tar:7    | Killed an ancient lich
 82982 | Tar:7    | Noticed an ancient lich
 82989 | Tar:7    | Killed an ancient lich
 82996 | Tar:7    | Identified the +3 dagger of Rinamoun {flame, Int+3}
 83341 | Tar:7    | Noticed Ereshkigal
 83443 | Tar:7    | Paralysed by Ereshkigal for 4 turns
 83461 | Tar:7    | Killed Ereshkigal
 83475 | Tar:7    | Got a bone rune of Zot
 83858 | Tar:7    | Noticed an ancient lich
 83861 | Tar:7    | Noticed a dread lich
 83865 | Tar:7    | Paralysed by a dread lich for 5 turns
 83870 | Tar:7    | Killed a dread lich
 83874 | Tar:7    | Killed an ancient lich
 83887 | Tar:7    | Identified the +2 rapier of Ibbasa {freeze, rF+ rC- Int+4
                  | Dex+2}
 84264 | Tar:7    | Identified the +4 halberd of Wyrd {venom, *Rage rF++ rC+
                  | rCorr}
 84509 | Dis:1    | Entered Level 1 of the Iron City of Dis
 84977 | Dis:3    | You are sucked into a shaft and drop 1 floor!
 85574 | Dis:6    | Reached skill level 27 in Dodging
 85769 | Dis:6    | HP: 3/288 [iron golem[an iron giant] (27)]
 85893 | Dis:6    | Reached skill level 27 in Fighting
 86041 | Dis:7    | Entered Level 7 of the Iron City of Dis
 86397 | Dis:7    | Reached skill level 15 in Stealth
 86639 | Dis:7    | Noticed a juggernaut
 86657 | Dis:7    | Killed a juggernaut
 86675 | Dis:7    | Identified the ring of Balance {MP+9 Int+4 Dex+2}
 86719 | Dis:7    | Identified the staff "Dem Sev" {rC+ rN+ Str+3 Int+4 Necro}
 87626 | Dis:7    | Noticed the Serpent of Hell
 87674 | Dis:7    | Killed the Serpent of Hell
 87882 | Dis:7    | Noticed a juggernaut
 87894 | Dis:7    | Killed a juggernaut
 87897 | Dis:7    | Identified the ring of Pibrades {Will+ Str+4 Slay+2}
 87897 | Dis:7    | Noticed Dispater
 87917 | Dis:7    | Killed Dispater
 87952 | Dis:7    | Got an iron rune of Zot
 87989 | Dis:7    | Got a thrumming book
 88230 | Depths:3 | Bought a potion of curing for 63 gold pieces
 88230 | Depths:3 | Bought a potion of enlightenment for 105 gold pieces
 88236 | Depths:3 | Bought a potion of heal wounds for 80 gold pieces
 88236 | Depths:3 | Bought a scroll of blinking for 120 gold pieces
 88236 | Depths:3 | Bought a potion of invisibility for 128 gold pieces
 88255 | Depths:3 | Voluntarily entered the Abyss.
 88255 | Abyss:4  | Found a corrupted altar of Lugonu.
 88293 | Depths:3 | Escaped the Abyss
 88585 | Slime:1  | Entered Level 1 of the Pits of Slime
 89084 | Slime:2  | Gained mutation: You are weak. (Str -2) [a shining eye]
 89091 | Slime:2  | Gained mutation: You sometimes lose your temper in combat.
                  | [a shining eye]
 89093 | Slime:1  | Lost mutation: You are weak. (Str -2) [potion of mutation]
 89093 | Slime:1  | Lost mutation: You are partially covered in large bone
                  | plates. (SH +4) [potion of mutation]
 89093 | Slime:1  | Lost mutation: You are dopey. (Int -2) [potion of mutation]
 89093 | Slime:1  | Gained mutation: You are robust. (+10% HP) [potion of
                  | mutation]
 89093 | Slime:1  | Gained mutation: You are somewhat resistant to further
                  | mutation. [potion of mutation]
 89100 | Slime:1  | Lost mutation: You are somewhat resistant to further
                  | mutation. [potion of mutation]
 89100 | Slime:1  | Lost mutation: You are robust. (+10% HP) [potion of
                  | mutation]
 89100 | Slime:1  | Gained mutation: One of your tentacles bears a spike.
                  | [potion of mutation]
 89101 | Slime:1  | Lost mutation: You are partially covered in iridescent
                  | scales. (AC +2) [potion of mutation]
 89101 | Slime:1  | Lost mutation: One of your tentacles bears a spike. [potion
                  | of mutation]
 89101 | Slime:1  | Gained mutation: Your system is resistant to poisons.
                  | (rPois) [potion of mutation]
 89101 | Slime:1  | Gained mutation: One of your tentacles bears a spike.
                  | [potion of mutation]
 89604 | Slime:3  | Reached skill level 10 in Necromancy
 89702 | Slime:4  | Gained mutation: You are robust. (+10% HP) [a shining eye]
 89751 | Slime:5  | Entered Level 5 of the Pits of Slime
 89840 | Slime:5  | Noticed the Royal Jelly
 89853 | Slime:5  | Killed the Royal Jelly
 89854 | Slime:5  | Reached skill level 10 in Fire Magic
 89986 | Slime:5  | Identified the +7 plate armour of Qogoizev {rC- rN+++ Str+5
                  | Int-5}
 89991 | Slime:5  | Got a slimy rune of Zot
 89998 | Slime:5  | Identified the +0 chain mail of the Present {Dex+3}
 90177 | Slime:5  | Got an innocuous book
 90180 | Slime:5  | Got a glossy book
 90193 | Slime:5  | Identified the +10 halberd "Xeigujud" {heavy, rElec Str+4
                  | Int-4}
 90223 | Slime:5  | Identified the +2 pair of boots of Rawoediv {Rampage rF-
                  | rN+++ Str+3}
 90370 | Slime:5  | Reached skill level 15 in Transmutations
 90758 | Depths:3 | Bought a talisman of death for 2842 gold pieces
 90783 | Depths:3 | Voluntarily entered the Abyss.
 91028 | Depths:3 | Escaped the Abyss
 91030 | Depths:3 | Voluntarily entered the Abyss.
 91153 | Abyss:4  | Noticed an ancient lich
 91162 | Abyss:4  | Killed an ancient lich
 91219 | Depths:3 | Escaped the Abyss
 91638 | Tomb:1   | Entered Level 1 of the Tomb of the Ancients
 91799 | Tomb:1   | Noticed Boris
 91820 | Tomb:1   | Killed Boris
 92171 | Tomb:1   | Noticed a royal mummy
 92180 | Tomb:1   | Killed a royal mummy
 93508 | Zot:1    | Entered Level 1 of the Realm of Zot
 93731 | Zot:1    | Noticed a dread lich
 93745 | Zot:1    | Killed a dread lich
 93936 | Zot:1    | Identified the +2 mace of the Telling Eel {venom, Will+}
 94271 | Zot:1    | Reached skill level 15 in Necromancy
 94423 | Zot:1    | You are sucked into a shaft and drop 1 floor!
 95602 | Zot:2    | Found a transporter.
 95605 | Zot:2    | Found a transporter.
 95605 | Zot:2    | Noticed Civybe Ogenn's ghost (legendary DsFi)
 96550 | Zot:3    | Acquired 453 gold pieces
 97215 | Zot:3    | Learned a level 8 spell: Borgnjor's Revivification
 97219 | Zot:3    | Learned a level 3 spell: Swiftness
 97437 | Zot:4    | Identified the +5 short sword of Jiyj {venom, Str+5}
 97789 | Zot:5    | Entered Level 5 of the Realm of Zot
 98685 | Pan      | Entered Pandemonium
 98798 | Pan      | Reached skill level 15 in Spellcasting
 98871 | Pan      | Noticed Busmian the pandemonium lord
 98877 | Pan      | Killed Busmian the pandemonium lord
 99878 | Pan      | Noticed Qaphagg the pandemonium lord
 99905 | Pan      | Killed Qaphagg the pandemonium lord
100075 | Pan      | Identified the +1 spear "Demonbane" {pain, *Slow rN+ Dex+2
                  | Stlth+}
101472 | Pan      | Got a demonic rune of Zot
101848 | Pan      | Identified the +0 buckler of Soosoob {rPois Dex+3}
102240 | Pan      | Identified the +11 short sword "Goblin's Undoing" {drain,
                  | rPois Str+3 Int-3 Dex+2}
102491 | Pan      | Entered the realm of Cerebov.
102958 | Pan      | Identified the staff "Hutim" {rN+ Will+ Str-2 Int+6 Necro}
103042 | Pan      | Got a quivering book
103062 | Pan      | Learned a level 9 spell: Fire Storm
103119 | Pan      | Found the +6 sword of Cerebov {flame}
103119 | Pan      | Noticed Cerebov
103162 | Pan      | Killed Cerebov
103202 | Pan      | Got a fiery rune of Zot
103536 | Pan      | Entered the realm of Lom Lobon.
103728 | Pan      | Found an exit through the horrors of the Abyss.
103946 | Pan      | Reached skill level 27 in Shapeshifting
104034 | Pan      | Noticed Lom Lobon
104055 | Pan      | Got a magical rune of Zot
104066 | Pan      | Killed Lom Lobon
104516 | Pan      | Entered the realm of Gloorx Vloq.
104581 | Pan      | Reached skill level 15 in Fire Magic
104758 | Pan      | Found an exit through the horrors of the Abyss.
105362 | Pan      | Noticed Gloorx Vloq
105379 | Pan      | Killed Gloorx Vloq
105453 | Pan      | Got a dark rune of Zot
106066 | Pan      | Entered the realm of Mnoleg.
106351 | Pan      | Noticed Mnoleg
106399 | Pan      | Killed Mnoleg
106448 | Pan      | Got a glowing rune of Zot
107233 | Pan      | Found a runed translucent door.
107315 | Pan      | Noticed Homnal the pandemonium lord
107326 | Pan      | Killed Homnal the pandemonium lord
107425 | Pan      | Identified the +9 flail of Beucavva {heavy, Will+}
107653 | Depths:2 | Escaped Pandemonium
108180 | Tomb:2   | Noticed a royal mummy
108184 | Tomb:2   | Noticed a royal mummy
108185 | Tomb:2   | Noticed a royal mummy
108187 | Tomb:2   | Noticed a royal mummy
108199 | Tomb:2   | Noticed a royal mummy
108214 | Tomb:2   | Killed a royal mummy
108219 | Tomb:2   | Killed a royal mummy
108224 | Tomb:2   | Killed a royal mummy
108226 | Tomb:2   | Killed a royal mummy
108231 | Tomb:2   | Killed a royal mummy
108751 | Tomb:1   | Noticed a royal mummy
108757 | Tomb:1   | Killed a royal mummy
108771 | Tomb:1   | Noticed a royal mummy
108780 | Tomb:1   | Killed a royal mummy
108844 | Tomb:1   | Noticed a royal mummy
108845 | Tomb:1   | Noticed a royal mummy
108847 | Tomb:1   | Noticed a royal mummy
108852 | Tomb:1   | Killed a royal mummy
108857 | Tomb:1   | Killed a royal mummy
108862 | Tomb:1   | Killed a royal mummy
108890 | Tomb:1   | Noticed a royal mummy
108897 | Tomb:1   | Killed a royal mummy
108900 | Tomb:1   | Noticed a royal mummy
108905 | Tomb:1   | Killed a royal mummy
108915 | Tomb:1   | Noticed a royal mummy
108923 | Tomb:1   | Killed a royal mummy
108930 | Tomb:1   | Noticed a royal mummy
108936 | Tomb:1   | Noticed a royal mummy
108944 | Tomb:1   | Killed a royal mummy
108953 | Tomb:1   | Noticed a royal mummy
108960 | Tomb:1   | Killed a royal mummy
108964 | Tomb:1   | Killed a royal mummy
108969 | Tomb:1   | Noticed a royal mummy
108969 | Tomb:1   | Noticed a royal mummy
108977 | Tomb:1   | Killed a royal mummy
108982 | Tomb:1   | Killed a royal mummy
109291 | Tomb:3   | Entered Level 3 of the Tomb of the Ancients
109313 | Tomb:3   | Noticed a royal mummy
109321 | Tomb:3   | Noticed a royal mummy
109322 | Tomb:3   | Noticed a royal mummy
109322 | Tomb:3   | Noticed a royal mummy
109326 | Tomb:3   | Noticed a royal mummy
109329 | Tomb:3   | Noticed a royal mummy
109329 | Tomb:3   | Noticed a royal mummy
109337 | Tomb:3   | Noticed a royal mummy
109340 | Tomb:3   | Killed a royal mummy
109344 | Tomb:3   | Killed a royal mummy
109351 | Tomb:3   | Killed a royal mummy
109357 | Tomb:3   | Killed a royal mummy
109367 | Tomb:3   | Identified the +2 orcbow of the Old World {heavy, rC++ rN+
                  | Will+ MP-9}
109368 | Tomb:3   | Identified the ring of Atrar {Contam rElec rPois rCorr
                  | Str+8}
109369 | Tomb:3   | Identified the ring "Cekyti" {rPois Dex+3 SInv}
109396 | Tomb:3   | Killed a royal mummy
109402 | Tomb:3   | Killed a royal mummy
109419 | Tomb:3   | Killed a royal mummy
109423 | Tomb:3   | Killed a royal mummy
109788 | Tomb:3   | Got a golden rune of Zot
109844 | Tomb:3   | Identified the +5 flail "Etuykah" {spect, rC+}
109845 | Tomb:3   | Identified the staff of True Grit {rN+ Str+6 Necro}
111195 | Zot:5    | Noticed a dread lich
111201 | Zot:5    | Noticed an orb of fire
111206 | Zot:5    | Killed a dread lich
111206 | Zot:5    | Noticed an orb of fire
111227 | Zot:5    | Killed an orb of fire
111234 | Zot:5    | Killed an orb of fire
111368 | Zot:5    | a Killer Klown changed into a juggernaut
111368 | Zot:5    | Noticed a juggernaut
111371 | Zot:5    | Killed a juggernaut
111391 | Zot:5    | Noticed an orb of fire
111393 | Zot:5    | Noticed a dread lich
111396 | Zot:5    | Noticed an ancient lich
111404 | Zot:5    | Killed an orb of fire
111598 | Zot:5    | Killed a dread lich
111609 | Zot:5    | Killed an ancient lich
111686 | Zot:5    | Got the Orb of Zot
111820 | Zot:2    | Noticed a seraph
111827 | Zot:2    | Noticed Xotof the pandemonium lord
111991 | Depths:3 | Noticed Fanok the pandemonium lord
112001 | Depths:3 | Killed Fanok the pandemonium lord
112358 | D:$      | Escaped with the Orb!

Illustrated notes

Levels and vault maps discovered:
D:1:      saegor_arrival_simple_d, layout_rooms
D:2:      layout_rooms, serial_shops, shop, uniq_robin, uniq_crazy_yiuf_cottage
D:3:      layout_loops_ring, grunt_decor_clamped
D:4:      layout_basic, minmay_temple_entry_mini_moons
D:5:      kennysheep_kobold_camp, layout_rooms, uniq_eustachio, uniq_menkaure
D:6:      layout_basic, mainiacjoe_overflow_paths, serial_shops,
          nicolae_shop_waterfront, uniq_blork_the_orc, uniq_sigmund
D:7:      layout_basic, enter_bailey_5, serial_shops, nicolae_shop_behind_doors,
          shop, shop
D:8:      layout_loops_corners, nicolae_qazlal_beasts_of_the_sky, uniq_grum,
          uniq_psyche, uniq_joseph
D:9:      layout_gridville
D:10:     layout_gridville, david_lair_shrubbed, uniq_maurice
D:11:     layout_loops_corners, serial_shops, bzr_entry_customers
D:12:     layout_loops_cross, zombieorc1_lemuel, serial_shops, bzr_entry_gold,
          shop, nicolae_shop_pleasant_corner_grove, nicolae_shop_waterfront,
          serial_glass, glass_columns_c, glass_columns_c, uniq_kirke,
          uniq_erolcha
D:13:     layout_loops_ring, serial_shops, nicolae_shop_pleasant_corner_grove
D:14:     layout_small_grid, david_vaults_1, serial_shops, shop,
          gammafunk_ghost_grave, serial_park_tiny_2, serial_bayou_pond_d,
          chequers_serial_rivers_micro_a, fedhas_altar_2, uniq_nessos
D:15:     hangedman_depths_entry_try_elsewhere_first, layout_cave_pools,
          lemuel_blue_sif_altar, minmay_hedge_maze,
          chequers_serial_rivers_small_3, uniq_azrael
Temple:   nicolae_temple_bog_church
Lair:1:   layout_cave_pods, serial_bayou, serial_bayou_pond_b,
          serial_bayou_crossing, serial_bayou_shore_b, serial_bayou_pond_b,
          cheibrodos_lair_lostbears, serial_bayou_shore_b, grunt_megastairs_1
Lair:2:   layout_chaotic_city, minmay_snake_entry_guardpost_small,
          grunt_megastairs_4
Lair:3:   layout_cave_pods, alex1729_swamp_entry_worm_eleionoma
Lair:4:   layout_hall_layers, beast_lair_carwin_2, serial_bayou_shore_a,
          grunt_megastairs_3, lemuel_fruit_tree
Lair:5:   hangedman_lair_in_review, layout_misc_corridors,
          minmay_slime_entry_pillars, gauntlet_entry_generic,
          grunt_megastairs_2, serial_bayou_shore_b
Swamp:1:  layout_falls_marsh, hangedman_swamp_pad, swamp_pool4
Swamp:2:  layout_basic_swamp, evilmike_swamp_ruin_house_3, swamp_pool2,
          uniq_frances
Swamp:3:  layout_basic_swamp, evilmike_swamp_ruin_house_6,
          infiniplex_staircase_pool, uniq_bai_suzhen, uniq_roxanne
Swamp:4:  swamp, layout_basic_swamp
Snake:1:  layout_onion_interference, nicolae_snake_flat_spine,
          beargit_elvish_explorers
Snake:2:  layout_grid_shapes, serial_shops, shop, minmay_shop_star, uniq_aizul,
          uniq_vashnia
Snake:3:  nicolae_sea_snake_s, layout_basic, serial_shops, nicolae_diamond_shop,
          drop_trap
Snake:4:  grunt_snake_rune_spirals, layout_onion
Slime:1:  layout_caves
Slime:2:  layout_caves
Slime:3:  layout_caves
Slime:4:  layout_caves
Slime:5:  slime_pit_nicolae_trefoil
Orc:1:    layout_caves, portal_ice_cave_entry_imps, mines4_lemuel
Orc:2:    st_orc_rangers, layout_diamond_mine, serial_shops, bzr_entry_dummy
Elf:1:    nicolae_elf_arrival_aired_out, layout_geoelf_diagonals, orc_legates,
          nicolae_elf_archery_training
Elf:2:    elven_hall_of_blades_hangedman_alternative [nicolae_blade_lattice],
          layout_gridlike
Elf:3:    elf_hall_gauntlet_wide, layout_geoelf_octagon,
          hellmonk_ghost_happy_afterlife, uniq_norris
Vaults:1: nicolae_vaults_cochlea, v_misc_12, nicolae_vaults_closet_pinwheel_3,
          vaults_room_hallway, v_misc_19, v_misc_31, layout_vaults_quadrants,
          serial_shops, nicolae_shop_tiny_real_fake_doors, uniq_nikola
Vaults:2: minmay_crypt_entry_skeletal_spiral, nicolae_vaults_sightless_eye,
          nicolae_vaults_closet_pinwheel_5, nicolae_vaults_tangram_2, v_rooms_6,
          vaults_room_corners, vaults_room_door_hall,
          hangedman_vaults_variations, nicolae_vaults_trapezoid_lopsided_3,
          vaults_dpeg_hooks, vaults_room_hangedman_quadrants, layout_vaults_ring
Vaults:3: mu_enter_wizlab_1, v_misc_11, grunt_vaults_focal,
          nicolae_vaults_closet_pinwheel_3, hangedman_vaults_snaps,
          nicolae_vaults_puzzle_piece, vaults_room_pools, nicolae_vaults_heist,
          v_misc_10, ontoclasm_vaults_pinch, ontoclasm_vaults_tryst,
          nicolae_vaults_oozy_zoo, hangedman_vaults_stretched_pinwheel,
          layout_vaults_omnibox
Vaults:4: nicolae_vaults_network_quinsquares
          [nicolae_vaults_network_quincunx_subvault,
          nicolae_vaults_network_quincunx_subvault,
          nicolae_vaults_network_quincunx_subvault,
          nicolae_vaults_network_quincunx_subvault], nicolae_vaults_triangles,
          v_pattern_5, vaults_dpeg_ring, nicolae_vaults_ninety_degrees,
          nicolae_vaults_alarming, v_misc_14,
          nicolae_vaults_windows_and_doors_thing,
          ontoclasm_vaults_loading_screen, vaults_dpeg_cross,
          layout_vaults_big_room, uniq_margery, uniq_donald
Vaults:5: uniq_boris
Crypt:1:  layout_gridlike
Crypt:2:  layout_chaotic_city
Crypt:3:  grunt_crypt_end_deaths_head
Tomb:1
Tomb:2
Tomb:3
Depths:1: layout_roguey, nicolae_trove_entry_path_of_doom, hell_entry,
          kennysheep_pointless_box, chequers_serial_rivers_small_b,
          lightli_fourway_metalbox
Depths:2: grunt_bent_corner, layout_gridlike, minmay_misc_feat_chi,
          grunt_mini_vestibule, rand_demon_pan_entry_8,
          hangedman_abyss_or_decor_jellyfish_corner
Depths:3: nooodl_glass_maze, layout_cave_pools, hangedman_abyss_entry_splay,
          chequers_big_river, hell_entry, uniq_jory
Depths:4: evilmike_zot_entry_round, layout_gridlike, enter_ziggurat_f,
          hell_entry, hangedman_decor_push
Hell
Dis:1:    nicolae_dis_array, layout_subdivisions
Dis:2:    layout_overlapping_boxes
Dis:3:    layout_regular_city, nicolae_dis_emergency_hatch
Dis:4:    layout_gridville
Dis:5:    layout_jigsaw, glass_columns_b, nicolae_dis_having_a_grate_time
Dis:6:    layout_subdivisions, nicolae_dis_metal_lava_thing
Dis:7:    dis_st
Geh:1:    layout_gehenna_pools_triple
Geh:2:    layout_gehenna_pools_triple
Geh:3:    layout_gehenna_lava_caves
Geh:4:    layout_gehenna_lava_caves
Geh:5:    layout_gehenna_lava_caves
Geh:6:    layout_gehenna_lava_caves
Geh:7:    geh_mu
Coc:1:    layout_cocytus_delve
Coc:2:    layout_cocytus_delve
Coc:3:    layout_cocytus_water_paths
Coc:4:    layout_ice_bergs
Coc:5:    layout_cocytus_water_paths
Coc:6:    layout_cocytus_delve
Coc:7:    coc_hangedman
Tar:1:    nicolae_tar_ssshhh
Tar:2:    layout_cathedral_of_symmetry, nicolae_hells_fiendish_ambush
Tar:3:    layout_catacombs
Tar:4:    layout_cathedral_of_symmetry
Tar:5:    layout_grid_maze
Tar:6:    layout_grid_maze, nicolae_tar_grid_combs
Tar:7:    tar_grunt_cathedral
Zot:1:    hangedman_zot_vaults_quadrants, layout_cathedral_of_symmetry
Zot:2:    layout_cathedral_of_symmetry, gammafunk_ghost_arena
Zot:3:    nicolae_moth_party, layout_basic, grunt_ministairs_9
Zot:4:    layout_onion_interference
Zot:5:    layout_onion, lemuel_golem_globe

Skill      XL: |  1  2  3  4  5  6  7  8  9 10 11 12 13 14 15 16 17 18 19 20 21 22 23 24 25 26 27 |
---------------+----------------------------------------------------------------------------------+-----
Axes           | 3 4 5 6 7 8 9 14 15 16 18 | 18.0
Dodging        | 4 7 8 10 11 13 14 15 16 18 20 27 | 27.0
Fighting       | 4 7 9 11 12 13 15 17 19 20 27 | 27.0
Shields        | 4 9 12 14 16 17 18 20 21 22 27 | 27.0
Shapeshifting  | 1 3 4 8 13 15 18 21 22 23 27 | 27.0
Stealth        | 5 7 9 11 15 | 15.6
Transmutations | 2 4 5 15 | 15.0
Spellcasting   | 2 4 5 23 | 23.6
Necromancy     | 3 4 22 | 22.9
Fire Magic     | 2 3 18 | 18.3
Invocations    | |  0.6

Action                     |  1- 3 |  4- 6 |  7- 9 | 10-12 | 13-15 | 16-18 | 19-21 | 22-24 | 25-27 || total
---------------------------+-------+-------+-------+-------+-------+-------+-------+-------+-------++-------
  Melee: War axe           |    51 |    49 |       |       |       |       |       |       |       ||   100
         Constrict         |    12 |    25 |    49 |    63 |   119 |    88 |   197 |    95 |   821 ||  1469
         Tentacles         |     7 |    12 |    28 |    78 |   255 |   291 |   394 |   326 |  2135 ||  3526
         Punch             |       |     2 |     3 |     6 |    27 |    21 |    42 |    22 |   113 ||   236
         Broad axe         |       |    38 |   188 |   324 |   872 |   897 |  1096 |   932 |  5895 || 10242
         Morningstar       |       |       |       |       |    15 |    75 |     2 |       |       ||    92
         Kick              |       |       |       |       |       |       |       |       |  1191 ||  1191
  Throw: Javelin           |       |       |    12 |     4 |       |    27 |     4 |       |       ||    47
         Throwing net      |       |       |     2 |     6 |       |     1 |       |       |       ||     9
         Dart              |       |       |    10 |     9 |       |     5 |    16 |     4 |    20 ||    64
   Cast: Wereblood         |       |       |       |       |       |       |       |    19 |   169 ||   188
         Infestation       |       |       |       |       |       |       |       |       |    67 ||    67
         Ignition          |       |       |       |       |       |       |       |       |     9 ||     9
 Invoke: Heroism           |       |       |     3 |     5 |    15 |    20 |    25 |    11 |       ||    79
         Finesse           |       |       |       |     1 |     7 |     5 |     5 |     4 |       ||    22
         Receive Weapon    |       |       |       |     1 |       |       |       |       |       ||     1
         Receive Armour    |       |       |       |     1 |       |       |       |       |       ||     1
         Potion Petition   |       |       |       |       |       |       |       |       |    48 ||    48
         Call Merchant     |       |       |       |       |       |       |       |       |     8 ||     8
Ability: Siphon Essence    |       |       |       |       |       |       |       |       |     6 ||     6
  Evoke: Wand              |     4 |       |     8 |    27 |     9 |    31 |    14 |     1 |    30 ||   124
         Phial of floods   |       |       |       |       |       |       |     1 |     3 |     1 ||     5
    Use: Scroll            |       |       |     6 |    14 |    20 |     8 |     3 |     6 |    24 ||    81
         Potion            |       |       |       |     5 |     4 |     1 |     2 |     2 |    20 ||    34
   Stab: Sleeping          |     7 |     4 |     3 |     5 |    19 |    28 |    38 |    25 |    86 ||   215
         Distracted        |     1 |       |       |       |     4 |     6 |     9 |     5 |   170 ||   195
         Held in net/web   |       |       |     1 |     4 |       |       |       |       |       ||     5
         Paralysed         |       |       |       |     7 |     8 |     2 |       |       |       ||    17
         Invisible         |       |       |       |       |    22 |       |       |     8 |    38 ||    68
         Petrified         |       |       |       |       |     1 |       |       |       |     1 ||     2
 Armour: Skin              |    20 |    42 |   124 |   125 |   164 |   173 |   184 |   418 |  1249 ||  2499
  Dodge: Dodged            |    23 |    63 |   178 |   183 |   553 |   620 |   464 |  1002 |  2796 ||  5882
  Block: Buckler           |     6 |    24 |    60 |    36 |       |       |       |       |       ||   126
         Kite shield       |       |       |       |    75 |   578 |   346 |       |       |       ||   999
         Tower shield      |       |       |       |       |       |   604 |   878 |  1443 |  7328 || 10253
         Reflection        |       |       |       |       |       |    42 |    23 |       |   187 ||   252
   Form: Statue            |       |       |       |       |       |       |       |     5 |     5 ||    10
                           |       |       |       |       |       |       |       |     3 |     4 ||     7
         Death             |       |       |       |       |       |       |       |       |     4 ||     4

Table legend: (Time is in decaauts)
 A = Elapsed time spent in this place.
 B = Non-inter-level travel time spent in this place.
 C = Inter-level travel time spent in this place.
 D = Time resting spent in this place.
 E = Time spent auto-exploring this place.
 F = Levels seen in this place.
 G = Mean time per level.
                   A        B        C        D        E       F      G
               +--------+--------+--------+--------+--------+-----+--------+
         Total | 126529 | 112869 |  13660 |  23133 |  53657 | 130 |  973.3 |
       Dungeon |  21769 |  17207 |   4562 |   4454 |   9185 |  15 | 1451.3 |
        Temple |     54 |     25 |     29 |      0 |      0 |   1 |   54.0 |
          Lair |   6426 |   5294 |   1132 |    684 |   3606 |   5 | 1285.2 |
         Swamp |   3828 |   3661 |    167 |   1322 |   1439 |   4 |  957.0 |
     Snake Pit |   5926 |   5414 |    512 |   1832 |   2285 |   4 | 1481.5 |
    Slime Pits |   2788 |   2579 |    209 |     22 |   1645 |   5 |  557.6 |
  Orcish Mines |   1866 |   1481 |    385 |    459 |    711 |   2 |  933.0 |
   Elven Halls |   8545 |   7853 |    692 |   4589 |   1737 |   3 | 2848.3 |
        Vaults |  11741 |  10373 |   1368 |   1860 |   6091 |   5 | 2348.2 |
         Crypt |   4344 |   3473 |    871 |    220 |   2338 |   3 | 1448.0 |
          Tomb |   3571 |   3055 |    516 |    432 |   1401 |   3 | 1190.3 |
        Depths |   8794 |   7345 |   1449 |    978 |   4529 |   4 | 2198.5 |
          Hell |   1176 |   1091 |     85 |      0 |    567 |   1 | 1176.0 |
           Dis |   5110 |   4728 |    382 |    868 |   2215 |   7 |  730.0 |
       Gehenna |   5677 |   5268 |    409 |   1278 |   2058 |   7 |  811.0 |
       Cocytus |   4502 |   4226 |    276 |    589 |   1975 |   7 |  643.1 |
      Tartarus |   5096 |   4920 |    176 |    900 |   2359 |   7 |  728.0 |
           Zot |   5354 |   4922 |    432 |    254 |   2971 |   5 | 1070.8 |
         Abyss |   7027 |   7027 |      0 |    227 |   1310 |  20 |  351.4 |
   Pandemonium |   8779 |   8779 |      0 |    769 |   4072 |  14 |  627.1 |
        Bazaar |    404 |    404 |      0 |     36 |    265 |   3 |  134.7 |
         Trove |     94 |     94 |      0 |      0 |      0 |   1 |   94.0 |
        Bailey |    879 |    879 |      0 |    268 |    120 |   1 |  879.0 |
      Ice Cave |    841 |    841 |      0 |    117 |    423 |   1 |  841.0 |
        Wizlab |   1232 |   1232 |      0 |    659 |    213 |   1 | 1232.0 |
      Gauntlet |    696 |    696 |      0 |    310 |    138 |   1 |  696.0 |
               +--------+--------+--------+--------+--------+-----+--------+

Top non-repeatable levels by time:
   Elf:3: 4760 daAuts
Vaults:5: 3249 daAuts
 Abyss:4: 3165 daAuts
   Dis:7: 2995 daAuts
   Geh:7: 2917 daAuts
   Tar:7: 2631 daAuts
Depths:2: 2580 daAuts
Vaults:4: 2510 daAuts
Depths:3: 2449 daAuts
 Abyss:2: 2379 daAuts
Vaults:1: 2333 daAuts
   Coc:7: 2282 daAuts
 Snake:4: 2201 daAuts
   Elf:1: 2195 daAuts
 Crypt:3: 2188 daAuts
